 Dungeon Crawl Stone Soup version 0.30-a0-223-gcb0039aa0c (webtiles) character file.

Game seed: 11705082547004805056

521896 qw the Slayer (level 25, 0/176 HPs)
             Began as a Gargoyle Fighter on Oct 9, 2022.
             Was a High Priest of Okawaru.
             Killed from afar by a black draconian knight (8 damage)
             ... with a bolt of lightning
             ... led by a green draconian monk
             ... on level 1 of the Realm of Zot.
             The game lasted 00:26:56 (49920 turns).

qw the Slayer (Gargoyle Fighter)                   Turns: 49920, Time: 00:26:57

Health: 0/176      AC: 60    Str: 34    XL:     25   Next: 32%
Magic:  29/30      EV: 16    Int: 13    God:    Okawaru [*****.]
Gold:   2070       SH: 30    Dex:  7    Spells: 24/24 levels left

rFire   + . .      SeeInvis .    Y - +6 broad axe (elec)
rCold   . . .      Faith    .    G - +2 tower shield {AC+3}
rNeg    + . .      Spirit   .    l - +2 plate armour
rPois   inf        Reflect  +    e - +1 helmet "Geutoc" {Str+6}
rElec   +          Harm     .    r - +2 cloak {Will+}
rCorr   .          Rampage  .    E - +0 pair of gloves of the Blind Marksman {+Blink rElec rF+}
Will    +++..                    x - +2 pair of boots {Fly}
Stlth   ..........               o - amulet of Oluemea {Reflect Will+ Dex-2 SH+5 Stlth+}
HPRegen 0.49/turn                D - +4 ring of protection
MPRegen 0.22/turn                C - +4 ring of evasion

@: about to teleport, heroic, corroded, flying
A: sickness immunity, AC +19, big wings, negative energy resistance 1,
electricity resistance, torment resistance 1, petrification resistance
}: 3/15 runes: decaying, serpentine, silver
a: Renounce Religion, Evoke Blink, Heroism, Finesse, Duel


You were on level 1 of the Realm of Zot.
You worshipped Okawaru.
Okawaru was extremely pleased with you.
You visited 9 branches of the dungeon, and saw 41 of its levels.
You also visited: Sewer.

You collected 5766 gold pieces.
You spent 3696 gold pieces at shops.


Innate Abilities, Weirdness & Mutations

You are immune to sickness and miasma.
Your stone body is resilient. (AC +19)
You are immune to poison.
Your large and strong wings let you fly.
You resist negative energy. (rN+)
You are resistant to electric shocks. (rElec)
You are resistant to unholy torment.
You are immune to petrification.


   Skills:
 + Level 23.5(27) Fighting
 - Level 18.0(23.0) Axes
 - Level 12.1(17.1) Throwing
 - Level 22.0(27) Armour
 - Level 6.0(11.0) Dodging
 - Level 22.0(27) Shields
 - Level 10.0 Invocations


You had 24 spell levels left.
You didn't know any spells.
Your spell library was empty.

Inventory:

Hand Weapons
 Y - a +6 broad axe of electrocution (weapon)
Missiles
 I - a javelin (quivered)
 K - 5 boomerangs
Armour
 e - the +1 helmet "Geutoc" (worn) {Str+6}
   (You took it off Robin on level 2 of the Dungeon)

   Str:       It affects your strength (+6).
 l - a +2 plate armour (worn)
 p - +0 ice dragon scales
 r - a +2 cloak of willpower (worn)
 s - the +15 Maxwell's patent armour {-Cast -Tele rElec Will+ rCorr}
   (Okawaru gifted it to you on level 3 of the Swamp)

   rElec:     It insulates you from electricity.
   -Cast:     It prevents spellcasting.
   -Tele:     It prevents most forms of teleportation.
   rCorr:     It protects you from acid and corrosion.
   Will:      It increases your willpower.
 u - a +2 pair of gloves
 v - +0 acid dragon scales
 w - a +1 chain mail of fire resistance
 x - a +2 pair of boots of flying (worn)
 y - the +0 chain mail of the Intense Sparrow {rElec rF- rC+ Str+4}
   (You found it on level 3 of the Vaults)

   Str:       It affects your strength (+4).
   rF:        It makes you vulnerable to fire.
   rC:        It protects you from cold.
   rElec:     It insulates you from electricity.
 E - the +0 pair of gloves of the Blind Marksman (worn) {+Blink rElec rF+}
   (Okawaru gifted it to you on level 2 of the Depths)

   rF:        It protects you from fire.
   rElec:     It insulates you from electricity.
   +Blink:    It lets you blink.
 G - a +2 tower shield of protection (worn)
 J - +0 fire dragon scales
Jewellery
 c - a ring of protection from cold
 h - a ring of fire
 j - the ring "Ewib" {rC- rCorr Int+5 Dex-3 SInv}
   (You found it on level 9 of the Dungeon)

   [ring of see invisible]

   Int:       It affects your intelligence (+5).
   Dex:       It affects your dexterity (-3).
   rC:        It makes you vulnerable to cold.
   SInv:      It lets you see invisible.
   rCorr:     It protects you from acid and corrosion.
 o - the amulet of Oluemea (around neck) {Reflect Will+ Dex-2 SH+5 Stlth+}
   (You acquired it on level 1 of the Vaults)

   [amulet of reflection]

   It reflects blocked missile attacks.
   Dex:       It affects your dexterity (-2).
   SH:        It affects your SH (+5).
   Will:      It increases your willpower.
   Stlth:     It makes you more stealthy.
 t - an amulet of regeneration
 C - a +4 ring of evasion (right hand)
 D - a +4 ring of protection (left hand)
 F - a ring of resist corrosion
 H - a ring of fire
 L - a ring of protection from cold
Wands
 B - a wand of digging (19)
Scrolls
 g - a scroll of teleportation
 i - 21 scrolls of identify
Potions
 a - 25 potions of curing
 d - 16 potions of might
 f - 8 potions of lignification
 k - 10 potions of haste
 m - 8 potions of attraction
 n - 5 potions of resistance
 q - 5 potions of magic
 z - 4 potions of cancellation
 A - 6 potions of mutation

Dungeon Overview and Level Annotations

Branches:
Dungeon (15/15)            Temple (1/1) D:7            Lair (5/5) D:11
  Swamp (4/4) Lair:3        Snake (4/4) Lair:2        Slime (0/5) Lair:4
    Orc (2/2) D:9             Elf (0/3) Orc:2        Vaults (5/5) D:13
  Crypt (0/3) Vaults:2     Depths (4/4) D:15            Zot (1/5) Depths:4
  Sewer (visited)

Altars:
Ashenzari
Cheibriados
Dithmenos
Elyvilon
Fedhas
Gozag
Hepliaklqana
Kikubaaqudgha
Makhleb
Nemelex Xobeh
Okawaru
Qazlal
Ru
Sif Muna
Trog
Uskayaw
Vehumet
Wu Jian
Xom
Yredelemnul
Zin
The Shining One
Jiyva

Shops:
Orc:1 *!*(?   Orc:2 !*(:   Snake:1 :!   Snake:2 *   Vaults:2 ?   Vaults:3 (
Depths:1 *

Portals:
Hell: Depths:1 Depths:2 Depths:3 Depths:4
Abyss: Depths:3
Pandemonium: Depths:2
Ziggurat: Depths:1

Annotations:
D:7 1 runed translucent door, Crazy Yiuf
D:11 2 transporters, xzight's ghost, journeyman MiBe
Lair:4 3 runed translucent doors, qw's ghost, journeyman GrFi
Swamp:3 1 runed translucent door, qw's ghost, adept GrFi
Snake:1 2 runed translucent doors, wjtupper's ghost, adept MiHu
Snake:2 3 runed translucent doors, Ciageutz's ghost, journeyman GnHW
Orc:1 2 transporters, kazak's ghost, journeyman OpFE
Orc:2 3 runed translucent doors, qw's ghost, adept GrFi


Message History

As you read the scroll of teleportation, it crumbles to dust.
You feel strangely unstable.
You feel the Orb delaying your translocation!
You hear some strange, mumbled words.
A shard of ice appears from out of thin air!
The shard of ice hits you but does no damage.
The yellow draconian annihilator casts a spell at you.
The poison arrow reflects off an invisible shield around you!
The poison arrow hits the yellow draconian annihilator!
The yellow draconian annihilator looks as sick as possible!
49914 ||| DRINKING potion of heal wounds.
You feel much better. Something hits you but does no damage.
The yellow draconian annihilator points at you and mumbles some strange words.
The iron shot reflects off an invisible shield around you!
The iron shot misses the yellow draconian annihilator.
Something hits you.
You feel like a meek peon again. Something hits you.
The yellow draconian annihilator mumbles some strange words.
The yellow draconian annihilator blinks!
49916 ||| INVOKING Heroism.
You gain the combat prowess of a mighty hero.
A bolt of lightning appears from out of thin air!
The bolt of lightning hits you! You resist.
The yellow draconian annihilator casts a spell.
The yellow draconian annihilator blinks!
You block something's attack.
You hit something but do no damage. Something hits you!
The yellow draconian annihilator spits acid at you.
The glob of acid hits you. The acid corrodes you!
You hear some strange, mumbled words.
A bolt of cold appears from out of thin air!
The bolt of cold hits you but does no damage.
The yellow draconian annihilator casts a spell at you.
The bolt of lightning hits you! You resist.
A bolt of lightning appears from out of thin air!
The bolt of lightning hits you! You resist.
You die...

#. ...#######... ####.
#............ ..'..
#....8....# ##..
#...(...# #.. #.8...8.#
######.. ##.......##
#....'..
###....8.)[.###)####..
#....@.{.)...##..)##..
#..q..#######...#.#)####
..... #...##))...\ ...#
##.8.'..#### ## #...##.#
##'###.# #..# #.. .....
..## ########..


You could see a yellow draconian annihilator (very poisoned, catching breath).

Vanquished Creatures
  2 dread liches (Depths:2)
  A juggernaut (Depths:4)
  Sojobo (Depths:4)
  5 golden dragons
  Nikola (Swamp:3)
  Jory (Depths:3)
  An electric golem (Zot:1)
  4 tentacled monstrosities
  5 liches
  A quicksilver dragon (Zot:1)
  5 titans (Vaults:5)
  2 sphinxes
  5 shadow dragons
  Gastronok (D:9)
  Kirke (D:12)
  6 storm dragons
  2 thorn hunters (Swamp:4)
  3 draconian monks
  7 tengu reavers
  Roxanne (D:15)
  4 iron dragons
  14 nagarajas (Snake:4)
  3 deep elf sorcerers
  3 draconian knights
  2 draconian scorchers (Zot:1)
  8 fire giants
  Louise (Swamp:3)
  6 frost giants
  13 vault wardens
  2 ghouls
  Aizul (Snake:4)
  2 spriggan defenders (Depths:4)
  10 very ugly things
  4 war gargoyles (Vaults:5)
  26 ironbound preservers
  Nessos (D:13)
  A vampire knight (Vaults:2)
  13 stone giants
  4 ironbound thunderhulks
  5 eleionomae
  2 green draconians (Depths:4)
  A purple draconian (Zot:1)
  8 bunyips
  6 deep elf demonologists
  2 deep elf annihilators
  10 spark wasps
  3 black draconians
  3 yellow draconians (Zot:1)
  A red draconian (Depths:4)
  2 white draconians
  A deep elf death mage (Vaults:5)
  11 dire elephants
  16 ettins
  A merfolk impaler (Depths:1)
  17 yaktaur captains
  An entropy weaver (Vaults:3)
  6 great orbs of eyes
  Harold (Lair:2)
  5 fire dragons
  2 shambling mangroves (Swamp:4)
  Josephine (Swamp:1)
  5 salamander tyrants (Snake:4)
  2 deep elf high priests
  6 ice dragons
  21 hydras
  2 rakshasas
  A ghost crab (Swamp:1)
  10 ironbound frosthearts
  A hell beast (Depths:2)
  7 spriggan air magi
  5 centaur warriors
  A catoblepas (D:13)
  18 anacondas
  7 boulder beetles
  33 vault guards
  2 peacekeepers
  4 tengu warriors
  6 two-headed ogres
  16 naga warriors
  8 alligators
  3 deep troll shamans
  4 vampire magi
  4 hell hogs (Depths:2)
  4 spriggan berserkers
  7 shock serpents
  9 death yaks
  An orc high priest (Orc:2)
  15 deep troll earth magi
  19 naga sharpshooters
  Nergalle (D:10)
  2 hell knights
  2 spectral death yaks (Lair:5)
  A sun demon (Depths:2)
  6 iron trolls
  4 soul eaters
  A skeletal warrior (D:13)
  A quicksilver dragon simulacrum (Vaults:3)
  A death drake (Swamp:3)
  78 deep trolls
  6 goliath frogs
  6 sea snakes
  A flayed ghost (Vaults:5)
  2 salamander mystics
  A sea snake (shapeshifter) (Vaults:5)
  9 naga ritualists
  6 spriggan druids
  2 glowing orange brains
  A spectral anaconda (Lair:5)
  16 wizards
  16 swamp dragons
  A deep elf archer (Vaults:4)
  15 ironbound convokers
  12 lindwurms
  7 harpies
  6 bog bodies
  4 orc knights
  3 deep elf pyromancers
  7 necromancers
  3 phantasmal warriors
  3 deep elf zephyrmancers
  10 mana vipers
  An orc sorcerer (D:15)
  An ugly thing (shapeshifter) (D:13)
  An obsidian statue (Lair:5)
  A mana viper (shapeshifter) (D:14)
  6 cyclopes
  5 will-o-the-wisps
  17 salamanders
  40 ugly things
  2 elephants (shapeshifter)
  A black mamba (shapeshifter) (D:14)
  11 elephants (Lair:5)
  A moth of wrath (Zot:1)
  7 manticores
  Maurice (D:13)
  15 vault sentinels
  8 guardian serpents
  Joseph (D:9)
  A dire elephant zombie (Lair:5)
  6 smoke demons (Depths:2)
  2 torpor snails (Lair:5)
  22 naga magi
  A water nymph (shapeshifter) (Vaults:5)
  2 centaur zombies (D:15)
  A gargoyle (D:14)
  40 black mambas
  13 cane toads
  A komodo dragon (shapeshifter) (Depths:4)
  Maggie (D:7)
  2 kobold demonologists
  2 efreet (D:14)
  5 rime drakes
  5 komodo dragons
  3 freezing wraiths
  24 yaktaurs
  4 trolls
  3 tengu conjurers
  A hornet (shapeshifter) (Vaults:5)
  9 tyrant leeches
  13 hornets
  9 dream sheep
  33 slime creatures
  2 spectral elephants (Lair:5)
  A bloated husk (Swamp:1)
  10 blink frogs
  A jumping spider (shapeshifter) (Vaults:5)
  2 centaur simulacra (D:15)
  A spriggan (shapeshifter) (Vaults:5)
  18 spriggans
  A vampire (D:9)
  10 wraiths
  8 water elementals
  A hog (D:12)
  49 yaks
  A golden eye (shapeshifter) (Depths:4)
  3 humans (D:12)
  5 wyverns
  4 basilisks
  14 vampire mosquitoes
  A spectral cane toad (Lair:5)
  2 death yak simulacra
  47 nagas
  6 wargs
  12 swamp worms
  4 acid dragons
  12 water moccasins
  2 floating eyes (Depths:3)
  43 orc warriors
  12 swamp drakes
  A sky beast (D:6)
  A black bear (D:6)
  2 ice beasts
  12 centaurs
  14 wolves
  7 ogres
  5 boggarts (D:15)
  An elephant skeleton (Lair:5)
  2 elephant zombies (Lair:5)
  2 phantoms
  17 bullfrogs
  A kobold brigand (D:11)
  3 gnoll sergeants
  7 necrophages
  3 scorpions
  19 wights
  An elephant simulacrum (Lair:5)
  14 killer bees (D:9)
  3 howler monkeys
  3 jellies
  11 orc priests
  A gnoll bouda (Lair:4)
  Jessica (D:2)
  Terence (D:3)
  5 iguanas
  6 hell rats (Lair:3)
  A polar bear simulacrum (Lair:1)
  20 orc wizards
  A boggart skeleton (D:15)
  Robin (D:2)
  26 gnolls
  7 adders
  4 shadow imps
  A white imp (Vaults:3)
  3 ufetubi
  A worm (D:4)
  A dart slug (D:1)
  65 orcs
  15 endoplasms
  18 giant cockroaches
  17 goblins
  6 hobgoblins
  5 jackals
  15 quokkas
  17 ball pythons
  4 bats
  10 frilled lizards
  8 kobolds
  2 rats
1718 creatures vanquished.

Vanquished Creatures (others)
  A tengu reaver (Vaults:5)
  A goliath frog (Swamp:1)
  3 swamp worms
  A swamp drake (Swamp:1)
  An orc wizard (D:11)
  21 bushes (Depths:2)
  30 foxfires
  17 fungi
  4 pillars of salt (Vaults:4)
  86 plants
  22 withered plants (Lair:5)
187 creatures vanquished.

Grand Total: 1905 creatures vanquished

Notes
Turn   | Place    | Note
-------+----------+-------------------------------------------
     0 | D:1      | qw the Gargoyle Fighter began the quest for the Orb.
     0 | D:1      | Reached XP level 1. HP: 14/14 MP: 1/1
     0 | D:1      | 0 ||| qw: Version: 0.2-a-17-g06abaee
     0 | D:1      | 0 ||| qw: Game counter: 2099
     0 | D:1      | 0 ||| qw: Always use a shield: true
     0 | D:1      | 0 ||| qw: God list: Okawaru
     0 | D:1      | 0 ||| qw: Allow faded altars: false
     0 | D:1      | 0 ||| qw: Do Orc after D:15 true
     0 | D:1      | 0 ||| qw: Do second Lair branch before Depths: true
     0 | D:1      | 0 ||| qw: Lair rune preference: random
     0 | D:1      | 0 ||| qw: Plans: Normal, Zot:1-4, God:TSO, Crypt, Tomb,
                  | Pan, Slime:5, Hells, Abyss, Orb
     0 | D:1      | 0 ||| PLANNING D:1-11
   220 | D:1      | 220 ||| Stepping ~*~*~tactically~*~*~ (stealth).
   222 | D:1      | 222 ||| Stepping ~*~*~tactically~*~*~ (stealth).
   227 | D:1      | Reached XP level 2. HP: 19/19 MP: 2/2
   364 | D:1      | 364 ||| Stepping ~*~*~tactically~*~*~ (hiding).
   641 | D:1      | Reached skill level 3 in Axes
   646 | D:1      | Reached XP level 3. HP: 19/23 MP: 3/3
   844 | D:1      | 844 ||| READING scroll labelled POSHYT ELAURU.
   845 | D:1      | 845 ||| READING 3 scrolls labelled TETHRI SAEGGASE.
   850 | D:1      | 850 ||| READING scroll labelled BEOF DIETIRPH.
   851 | D:1      | 851 ||| READING 2 scrolls labelled FATUSI ABOIMUU.
   852 | D:1      | 852 ||| DRINKING 2 black potions.
   982 | D:2      | Identified the +1 helmet "Geutoc" {Str+6}
   982 | D:2      | Noticed Robin
   983 | D:2      | 983 ||| Stepping ~*~*~tactically~*~*~ (hiding).
   984 | D:2      | 984 ||| Stepping ~*~*~tactically~*~*~ (hiding).
   989 | D:2      | 989 ||| Stepping ~*~*~tactically~*~*~ (hiding).
   990 | D:2      | 990 ||| Stepping ~*~*~tactically~*~*~ (hiding).
  1000 | D:2      | Killed Robin
  1005 | D:2      | Reached XP level 4. HP: 21/28 MP: 4/4
  1398 | D:2      | Noticed Jessica
  1399 | D:2      | 1399 ||| Stepping ~*~*~tactically~*~*~ (hiding).
  1405 | D:2      | Killed Jessica
  1407 | D:2      | HP: 6/28 [gnoll/+3 spear (3)]
  1407 | D:2      | HP: 1/28 [gnoll/+0 spear (5)]
  1408 | D:2      | 1408 ||| READING 2 scrolls of teleportation.
  1409 | D:2      | 1409 ||| DRINKING potion of heal wounds.
  1415 | D:2      | 1415 ||| Stepping ~*~*~tactically~*~*~ (hiding).
  1417 | D:2      | 1417 ||| Stepping ~*~*~tactically~*~*~ (hiding).
  1419 | D:2      | Reached XP level 5. HP: 17/32 MP: 5/5
  1422 | D:2      | 1422 ||| Stepping ~*~*~tactically~*~*~ (stealth).
  1423 | D:2      | 1423 ||| Stepping ~*~*~tactically~*~*~ (stealth).
  1430 | D:2      | HP: 5/32 [gnoll/+3 spear (5)]
  1431 | D:2      | 1431 ||| READING scroll of teleportation.
  1433 | D:2      | HP: 2/32 [gnoll/+3 spear (4)]
  1439 | D:2      | 1439 ||| Stepping ~*~*~tactically~*~*~ (stealth).
  1448 | D:2      | 1448 ||| FLEEEEING.
  1450 | D:2      | 1450 ||| FLEEEEING.
  1451 | D:2      | 1451 ||| FLEEEEING.
  1454 | D:2      | 1454 ||| FLEEEEING.
  1455 | D:2      | 1455 ||| FLEEEEING.
  1456 | D:2      | 1456 ||| FLEEEEING.
  1457 | D:2      | 1457 ||| FLEEEEING.
  1458 | D:2      | 1458 ||| STAIRDANCE
  1553 | D:1      | 1553 ||| UPGRADING to +1 helmet "Geutoc" {Str+6}.
  1558 | D:1      | 1558 ||| READING scroll labelled FIRUB MYSE.
  1559 | D:1      | 1559 ||| READING 2 scrolls of identify.
  1559 | D:1      | 1559 ||| IDENTIFYING clear potion
  1560 | D:1      | 1560 ||| DROPPING potion of brilliance.
  1876 | D:2      | 1876 ||| DROPPING +0 helmet of intelligence.
  1877 | D:2      | 1877 ||| READING 2 scrolls of identify.
  1877 | D:2      | 1877 ||| IDENTIFYING fuming yellow potion
  2237 | D:3      | 2237 ||| DROPPING +0 club.
  2263 | D:3      | Found an ornate altar of the Wu Jian Council.
  2431 | D:3      | Found a faded altar of an unknown god.
  2516 | D:3      | Noticed Terence
  2528 | D:3      | Killed Terence
  2529 | D:3      | Reached skill level 1 in Dodging
  2626 | D:3      | 2626 ||| UPGRADING to +0 ring mail of cold resistance.
  2636 | D:3      | 2636 ||| READING 2 scrolls of identify.
  2636 | D:3      | 2636 ||| IDENTIFYING sedimented black potion
  2651 | D:4      | 2651 ||| PLANNING SEWER
  2694 | D:4      | Found a glowing drain.
  2704 | D:4      | 2704 ||| FLEEEEING.
  2705 | D:4      | 2705 ||| FLEEEEING.
  2706 | D:4      | 2706 ||| FLEEEEING.
  2712 | D:4      | 2712 ||| STAIRDANCE
  2716 | D:4      | 2716 ||| STAIRDANCE
  2721 | D:4      | 2721 ||| STAIRDANCE
  2738 | Sewer    | Entered a sewer
  2836 | Sewer    | 2836 ||| Stepping ~*~*~tactically~*~*~ (water).
  2871 | Sewer    | Reached XP level 6. HP: 35/38 MP: 6/6
  2896 | Sewer    | Reached skill level 4 in Fighting
  2908 | Sewer    | 2908 ||| Stepping ~*~*~tactically~*~*~ (water).
  2930 | Sewer    | 2930 ||| Stepping ~*~*~tactically~*~*~ (stealth).
  3036 | Sewer    | 3036 ||| Stepping ~*~*~tactically~*~*~ (water).
  3139 | Sewer    | 3139 ||| UPGRADING to ring of see invisible.
  3140 | Sewer    | 3140 ||| READING scroll labelled UKAYKU CAECLAH.
  3141 | Sewer    | 3141 ||| READING scroll labelled LISEQO VICEPT.
  3155 | D:4      | 3155 ||| PLANNING D:1-11
  3228 | D:4      | Reached skill level 6 in Axes
  3305 | D:4      | Reached XP level 7. HP: 43/43 MP: 7/7
  3351 | D:4      | Identified the +3 buckler of Purpose {Str+6}
  3384 | D:4      | Found a stormy altar of Qazlal.
  3622 | D:4      | 3622 ||| UPGRADING to +3 buckler of Purpose {Str+6}.
  3632 | D:4      | 3632 ||| DROPPING +0 buckler.
  3633 | D:4      | 3633 ||| UPGRADING to amulet of regeneration.
  3638 | D:4      | 3638 ||| DROPPING ring of wizardry.
  3639 | D:4      | 3639 ||| READING scroll labelled QUC QONANOTSAUBUY.
  3640 | D:4      | 3640 ||| READING 2 scrolls labelled IMPUVVEPHAU.
  3641 | D:4      | 3641 ||| READING scroll of enchant weapon.
  3641 | D:4      | 3641 ||| ENCHANTING +1 war axe of venom.
  3642 | D:4      | 3642 ||| DRINKING 2 fizzy dark potions.
  3643 | D:4      | 3643 ||| READING 2 scrolls of identify.
  3643 | D:4      | 3643 ||| IDENTIFYING puce potion
  3671 | D:5      | Entered Level 5 of the Dungeon
  3700 | D:5      | 3700 ||| DRINKING potion of curing.
  3700 | D:5      | 3700 ||| (to cure confusion)
  3729 | D:5      | 3729 ||| DROPPING +0 whip.
  3730 | D:5      | 3730 ||| READING scroll of enchant weapon.
  3730 | D:5      | 3730 ||| ENCHANTING +2 war axe of venom.
  3758 | D:5      | 3758 ||| Stepping ~*~*~tactically~*~*~ (stealth).
  3760 | D:5      | 3760 ||| Stepping ~*~*~tactically~*~*~ (hiding).
  3772 | D:5      | 3772 ||| Stepping ~*~*~tactically~*~*~ (stealth).
  3774 | D:5      | 3774 ||| Stepping ~*~*~tactically~*~*~ (hiding).
  3782 | D:5      | 3782 ||| Stepping ~*~*~tactically~*~*~ (hiding).
  3800 | D:5      | 3800 ||| Stepping ~*~*~tactically~*~*~ (stealth).
  3889 | D:5      | 3889 ||| Stepping ~*~*~tactically~*~*~ (stealth).
  3897 | D:5      | Reached skill level 5 in Fighting
  3973 | D:5      | 3973 ||| Stepping ~*~*~tactically~*~*~ (stealth).
  3975 | D:5      | 3975 ||| Stepping ~*~*~tactically~*~*~ (stealth).
  3976 | D:5      | 3976 ||| Stepping ~*~*~tactically~*~*~ (stealth).
  3978 | D:5      | 3978 ||| Stepping ~*~*~tactically~*~*~ (stealth).
  3982 | D:5      | Reached XP level 8. HP: 46/49 MP: 8/8
  4023 | D:5      | 4023 ||| Stepping ~*~*~tactically~*~*~ (stealth).
  4029 | D:5      | 4029 ||| Stepping ~*~*~tactically~*~*~ (stealth).
  4094 | D:5      | 4094 ||| Stepping ~*~*~tactically~*~*~ (hiding).
  4095 | D:5      | 4095 ||| Stepping ~*~*~tactically~*~*~ (hiding).
  4236 | D:5      | 4236 ||| Stepping ~*~*~tactically~*~*~ (hiding).
  4245 | D:5      | Reached skill level 6 in Fighting
  4405 | D:5      | 4405 ||| DROPPING +0 scale mail.
  4406 | D:5      | 4406 ||| UPGRADING to +0 plate armour.
  4416 | D:5      | 4416 ||| DROPPING +0 ring mail of cold resistance.
  4417 | D:5      | 4417 ||| READING scroll labelled XEEZIA KYQE.
  4418 | D:5      | 4418 ||| READING scroll labelled QANGECS QEUSS.
  4419 | D:5      | 4419 ||| READING scroll labelled UROCUR NUTIMP.
  4420 | D:5      | 4420 ||| READING scroll labelled ECIPSICATH.
  4615 | D:6      | Found a broken altar of Ashenzari.
  4615 | D:6      | Found a shimmering blue altar of Sif Muna.
  4637 | D:6      | Reached skill level 9 in Axes
  4666 | D:6      | Reached XP level 9. HP: 55/55 MP: 9/9
  4982 | D:6      | Found a shadowy altar of Dithmenos.
  4992 | D:6      | Found a blossoming altar of Fedhas.
  5125 | D:6      | 5125 ||| Stepping ~*~*~tactically~*~*~ (hiding).
  5380 | D:6      | 5380 ||| Stepping ~*~*~tactically~*~*~ (stealth).
  5382 | D:6      | 5382 ||| Stepping ~*~*~tactically~*~*~ (hiding).
  5390 | D:6      | Reached skill level 1 in Throwing
  5394 | D:6      | 5394 ||| DROPPING +0 flail.
  5625 | D:7      | Noticed Maggie
  5626 | D:7      | 5626 ||| Stepping ~*~*~tactically~*~*~ (hiding).
  5628 | D:7      | 5628 ||| Stepping ~*~*~tactically~*~*~ (hiding).
  5630 | D:7      | 5630 ||| Stepping ~*~*~tactically~*~*~ (hiding).
  5642 | D:7      | Killed Maggie
  5643 | D:7      | Reached skill level 3 in Throwing
  5646 | D:7      | 5646 ||| STAIRDANCE
  5673 | D:7      | Found a staircase to the Ecumenical Temple.
  5674 | D:7      | 5674 ||| PLANNING TEMPLE
  5682 | Temple   | Entered the Ecumenical Temple
  5690 | Temple   | 5690 ||| PLANNING OKAWARU WORSHIP
  5828 | Temple   | Became a worshipper of Warmaster Okawaru
  5829 | Temple   | 5829 ||| PLANNING D:1-11
  5868 | D:7      | 5868 ||| Stepping ~*~*~tactically~*~*~ (stealth).
  5871 | D:7      | 5871 ||| Stepping ~*~*~tactically~*~*~ (stealth).
  5874 | D:7      | 5874 ||| Stepping ~*~*~tactically~*~*~ (stealth).
  5876 | D:7      | Reached skill level 7 in Fighting
  5880 | D:7      | 5880 ||| Stepping ~*~*~tactically~*~*~ (stealth).
  5884 | D:7      | 5884 ||| Stepping ~*~*~tactically~*~*~ (stealth).
  5900 | D:7      | 5900 ||| Stepping ~*~*~tactically~*~*~ (stealth).
  6031 | D:7      | 6031 ||| Stepping ~*~*~tactically~*~*~ (hiding).
  6032 | D:7      | 6032 ||| Stepping ~*~*~tactically~*~*~ (hiding).
  6256 | D:7      | 6256 ||| Stepping ~*~*~tactically~*~*~ (stealth).
  6258 | D:7      | 6258 ||| Stepping ~*~*~tactically~*~*~ (hiding).
  6268 | D:7      | Reached * piety under Okawaru
  6297 | D:7      | Reached skill level 1 in Invocations
  6404 | D:7      | Identified the +5 hammer "Peasen" {flame, Fragile +Blink
                  | rElec}
  6405 | D:7      | Found a runed translucent door.
  6406 | D:7      | Noticed Crazy Yiuf
  6433 | D:7      | Reached XP level 10. HP: 63/63 MP: 9/11
  7159 | D:8      | Noticed a two-headed ogre
  7160 | D:8      | 7160 ||| INVOKING Heroism.
  7167 | D:8      | Reached skill level 3 in Invocations
  7171 | D:8      | Killed a two-headed ogre
  7171 | D:8      | Reached ** piety under Okawaru
  7172 | D:8      | Reached skill level 6 in Armour
  7187 | D:8      | 7187 ||| INVOKING Heroism.
  7333 | D:8      | Found a glowing golden altar of the Shining One.
  7353 | D:8      | 7353 ||| INVOKING Heroism.
  7642 | D:8      | 7642 ||| Stepping ~*~*~tactically~*~*~ (stealth).
  7643 | D:8      | 7643 ||| Stepping ~*~*~tactically~*~*~ (stealth).
  7646 | D:8      | 7646 ||| Stepping ~*~*~tactically~*~*~ (stealth).
  7647 | D:8      | 7647 ||| INVOKING Heroism.
  7652 | D:8      | Reached skill level 8 in Fighting
  7749 | D:8      | Found a sparkling altar of Nemelex Xobeh.
  7800 | D:8      | 7800 ||| READING scroll of enchant armour.
  7800 | D:8      | 7800 ||| ENCHANTING +0 plate armour.
  7823 | D:8      | 7823 ||| Stepping ~*~*~tactically~*~*~ (stealth).
  7825 | D:8      | 7825 ||| Stepping ~*~*~tactically~*~*~ (hiding).
  7883 | D:8      | Found a burning altar of Makhleb.
  7962 | D:8      | 7962 ||| DROPPING +1 flail of protection.
  8122 | D:8      | 8122 ||| UPGRADING to +0 pair of gloves.
  8127 | D:8      | 8127 ||| DRINKING 2 smoky dark potions.
  8160 | D:9      | 8160 ||| INVOKING Heroism.
  8170 | D:9      | Reached *** piety under Okawaru
  8188 | D:9      | Noticed Joseph
  8190 | D:9      | 8190 ||| Stepping ~*~*~tactically~*~*~ (hiding).
  8197 | D:9      | Killed Joseph
  8198 | D:9      | Reached XP level 11. HP: 68/68 MP: 14/14
  8237 | D:9      | 8237 ||| Stepping ~*~*~tactically~*~*~ (hiding).
  8238 | D:9      | 8238 ||| Stepping ~*~*~tactically~*~*~ (hiding).
  8239 | D:9      | 8239 ||| Stepping ~*~*~tactically~*~*~ (hiding).
  8244 | D:9      | 8244 ||| INVOKING Heroism.
  8299 | D:9      | 8299 ||| Stepping ~*~*~tactically~*~*~ (stealth).
  8301 | D:9      | 8301 ||| Stepping ~*~*~tactically~*~*~ (hiding).
  8310 | D:9      | 8310 ||| INVOKING Heroism.
  8444 | D:9      | 8444 ||| Stepping ~*~*~tactically~*~*~ (stealth).
  8446 | D:9      | 8446 ||| Stepping ~*~*~tactically~*~*~ (hiding).
  8503 | D:9      | 8503 ||| Stepping ~*~*~tactically~*~*~ (stealth).
  8508 | D:9      | 8508 ||| Stepping ~*~*~tactically~*~*~ (stealth).
  8510 | D:9      | Noticed a cyan ugly thing
  8510 | D:9      | Noticed Gastronok
  8511 | D:9      | 8511 ||| Stepping ~*~*~tactically~*~*~ (stealth).
  8512 | D:9      | 8512 ||| Stepping ~*~*~tactically~*~*~ (stealth).
  8515 | D:9      | 8515 ||| INVOKING Heroism.
  8519 | D:9      | Noticed a two-headed ogre
  8526 | D:9      | Killed a cyan ugly thing
  8526 | D:9      | Reached **** piety under Okawaru
  8527 | D:9      | Reached skill level 9 in Fighting
  8534 | D:9      | Killed a two-headed ogre
  8545 | D:9      | 8545 ||| INVOKING Heroism.
  8553 | D:9      | Killed Gastronok
  8553 | D:9      | Received a gift from Okawaru
  8663 | D:9      | 8663 ||| INVOKING Heroism.
  8677 | D:9      | Reached skill level 6 in Invocations
  8705 | D:9      | 8705 ||| INVOKING Heroism.
  8705 | D:9      | Noticed a boulder beetle
  8706 | D:9      | 8706 ||| Stepping ~*~*~tactically~*~*~ (stealth).
  8722 | D:9      | Killed a boulder beetle
  8738 | D:9      | Identified the ring "Ewib" {rC- rCorr Int+5 Dex-3 SInv}
  8842 | D:9      | 8842 ||| INVOKING Heroism.
  8866 | D:9      | 8866 ||| Stepping ~*~*~tactically~*~*~ (stealth).
  8868 | D:9      | 8868 ||| Stepping ~*~*~tactically~*~*~ (stealth).
  8871 | D:9      | Reached skill level 12 in Axes
  8882 | D:9      | Found a staircase to the Orcish Mines.
  8925 | D:9      | 8925 ||| READING scroll of enchant armour.
  8925 | D:9      | 8925 ||| ENCHANTING +0 pair of gloves.
  9040 | D:9      | Reached ***** piety under Okawaru
  9055 | D:9      | Noticed a two-headed ogre
  9056 | D:9      | 9056 ||| INVOKING Heroism.
  9062 | D:9      | Killed a two-headed ogre
  9067 | D:9      | HP: 16/71 [orc warrior/+0 trident (6)]
  9068 | D:9      | 9068 ||| READING 4 scrolls of teleportation.
  9069 | D:9      | 9069 ||| DRINKING 2 potions of heal wounds.
  9070 | D:9      | Received a gift from Okawaru
  9149 | D:9      | 9149 ||| SWAPPING to +1 broad axe of venom.
  9150 | D:9      | 9150 ||| DROPPING +3 war axe of venom.
  9283 | D:9      | 9283 ||| UPGRADING to +2 pair of gloves.
  9293 | D:9      | 9293 ||| DROPPING +1 pair of gloves.
  9294 | D:9      | 9294 ||| READING scroll labelled YMIALO FOTUGO.
  9295 | D:9      | 9295 ||| READING 2 scrolls of identify.
  9295 | D:9      | 9295 ||| IDENTIFYING fizzy coppery potion
  9296 | D:9      | 9296 ||| DROPPING potion of berserk rage.
  9302 | D:10     | Entered Level 10 of the Dungeon
  9313 | D:10     | Noticed a boulder beetle
  9314 | D:10     | 9314 ||| INVOKING Heroism.
  9315 | D:10     | 9315 ||| INVOKING Finesse.
  9334 | D:10     | Killed a boulder beetle
  9335 | D:10     | Reached XP level 12. HP: 61/76 MP: 10/18
  9391 | D:10     | Found a bloodstained altar of Trog.
  9502 | D:10     | 9502 ||| FLEEEEING.
  9503 | D:10     | 9503 ||| FLEEEEING.
  9504 | D:10     | 9504 ||| FLEEEEING.
  9505 | D:10     | 9505 ||| FLEEEEING.
  9506 | D:10     | 9506 ||| FLEEEEING.
  9507 | D:10     | 9507 ||| FLEEEEING.
  9508 | D:10     | 9508 ||| FLEEEEING.
  9509 | D:10     | 9509 ||| FLEEEEING.
  9510 | D:10     | 9510 ||| FLEEEEING.
  9511 | D:10     | 9511 ||| FLEEEEING.
  9512 | D:10     | 9512 ||| FLEEEEING.
  9516 | D:10     | 9516 ||| STAIRDANCE
  9527 | D:10     | 9527 ||| FLEEEEING.
  9528 | D:10     | 9528 ||| STAIRDANCE
  9584 | D:10     | 9584 ||| DROPPING +0 morningstar.
  9591 | D:10     | Identified the +1 pair of boots of Vuol {Rampage}
  9668 | D:10     | 9668 ||| INVOKING Heroism.
  9870 | D:10     | Noticed Nergalle
  9871 | D:10     | 9871 ||| INVOKING Heroism.
  9878 | D:10     | Killed Nergalle
  9927 | D:10     | 9927 ||| FLEEEEING.
  9928 | D:10     | 9928 ||| FLEEEEING.
  9929 | D:10     | 9929 ||| FLEEEEING.
  9930 | D:10     | 9930 ||| FLEEEEING.
  9931 | D:10     | 9931 ||| FLEEEEING.
  9932 | D:10     | 9932 ||| FLEEEEING.
  9942 | D:10     | Reached skill level 6 in Shields
 10055 | D:10     | 10055 ||| UPGRADING to +1 pair of boots of Vuol {Rampage}.
 10060 | D:10     | 10060 ||| UPGRADING to +0 cloak.
 10081 | D:11     | Noticed a two-headed ogre
 10084 | D:11     | Noticed a boulder beetle
 10085 | D:11     | 10085 ||| STAIRDANCE
 10090 | D:10     | Killed a two-headed ogre
 10093 | D:11     | 10093 ||| INVOKING Heroism.
 10101 | D:11     | Killed a boulder beetle
 10102 | D:11     | Reached skill level 9 in Invocations
 10118 | D:11     | You fall into a shaft and drop 3 floors!
 10181 | D:14     | 10181 ||| Stepping ~*~*~tactically~*~*~ (hiding).
 10226 | D:14     | Noticed a seven-headed hydra
 10227 | D:14     | 10227 ||| INVOKING Heroism.
 10228 | D:14     | 10228 ||| SWAPPING to +1 hand axe of flaming.
 10235 | D:14     | Killed a one-headed hydra
 10235 | D:14     | Received a gift from Okawaru
 10236 | D:14     | Reached skill level 9 in Armour
 10236 | D:14     | 10236 ||| SWAPPING to +1 broad axe of venom.
 10263 | D:14     | Noticed a tengu warrior
 10270 | D:14     | Killed a tengu warrior
 10284 | D:14     | Noticed an eight-headed hydra
 10285 | D:14     | 10285 ||| INVOKING Heroism.
 10286 | D:14     | 10286 ||| SWAPPING to +1 hand axe of flaming.
 10286 | D:14     | Noticed a centaur warrior
 10295 | D:14     | Killed a four-headed hydra
 10296 | D:14     | 10296 ||| SWAPPING to +1 broad axe of venom.
 10302 | D:14     | HP: 9/77 [efreet/bolt of fire (15)]
 10303 | D:14     | 10303 ||| READING 3 scrolls of teleportation.
 10304 | D:14     | 10304 ||| DRINKING 2 potions of heal wounds.
 10306 | D:14     | Received a gift from Okawaru
 10364 | D:14     | 10364 ||| DROPPING amulet of the acrobat.
 10406 | D:12     | Reached skill level 10 in Fighting
 10419 | D:12     | 10419 ||| Stepping ~*~*~tactically~*~*~ (hiding).
 10560 | D:12     | 10560 ||| Stepping ~*~*~tactically~*~*~ (stealth).
 10562 | D:12     | Noticed Kirke
 10562 | D:12     | 10562 ||| Stepping ~*~*~tactically~*~*~ (stealth).
 10569 | D:12     | 10569 ||| INVOKING Heroism.
 10570 | D:12     | 10570 ||| INVOKING Finesse.
 10585 | D:12     | Killed Kirke
 10673 | D:12     | 10673 ||| INVOKING Heroism.
 10726 | D:12     | Received a gift from Okawaru
 10737 | D:12     | 10737 ||| DROPPING ring of magical power.
 10745 | D:11     | Noticed a two-headed ogre
 10746 | D:11     | 10746 ||| INVOKING Heroism.
 10752 | D:11     | Killed a two-headed ogre
 10753 | D:11     | Reached XP level 13. HP: 56/82 MP: 17/20
 10781 | D:11     | Found a staircase to the Lair.
 10830 | D:11     | Noticed xzight's ghost (journeyman MiBe)
 10859 | D:11     | 10859 ||| INVOKING Heroism.
 10882 | D:11     | Found a transporter.
 10902 | D:11     | 10902 ||| Stepping ~*~*~tactically~*~*~ (stealth).
 10914 | D:11     | 10914 ||| INVOKING Heroism.
 10956 | D:11     | 10956 ||| INVOKING Heroism.
 10998 | D:11     | Received a gift from Okawaru
 11042 | D:11     | Identified the +10 mace "Wach" {drain, rC+}
 11088 | D:11     | Found a transporter.
 11168 | D:11     | 11168 ||| INVOKING Heroism.
 11283 | D:11     | 11283 ||| PLANNING LAIR
 11283 | D:11     | 11283 ||| READING 2 scrolls of identify.
 11283 | D:11     | 11283 ||| IDENTIFYING viscous clear potion
 11290 | D:11     | 11290 ||| Stepping ~*~*~tactically~*~*~ (stealth).
 11331 | Lair:1   | Entered Level 1 of the Lair of Beasts
 11340 | Lair:1   | 11340 ||| INVOKING Heroism.
 11341 | Lair:1   | 11341 ||| INVOKING Finesse.
 11350 | Lair:1   | 11350 ||| Stepping ~*~*~tactically~*~*~ (stealth).
 11460 | Lair:1   | 11460 ||| Stepping ~*~*~tactically~*~*~ (stealth).
 11461 | Lair:1   | 11461 ||| INVOKING Heroism.
 11522 | Lair:1   | 11522 ||| READING scroll of enchant weapon.
 11522 | Lair:1   | 11522 ||| ENCHANTING +1 broad axe of venom.
 11533 | Lair:1   | Found a frozen archway.
 11584 | Lair:1   | 11584 ||| READING scroll of brand weapon.
 11584 | Lair:1   | 11584 ||| BRANDING +2 broad axe of venom.
 11728 | Lair:1   | 11728 ||| READING scroll of enchant armour.
 11728 | Lair:1   | 11728 ||| ENCHANTING +0 cloak.
 11737 | Lair:1   | 11737 ||| Stepping ~*~*~tactically~*~*~ (stealth).
 11738 | Lair:1   | 11738 ||| Stepping ~*~*~tactically~*~*~ (stealth).
 11742 | Lair:1   | 11742 ||| Stepping ~*~*~tactically~*~*~ (stealth).
 11743 | Lair:1   | 11743 ||| Stepping ~*~*~tactically~*~*~ (stealth).
 11744 | Lair:1   | 11744 ||| Stepping ~*~*~tactically~*~*~ (stealth).
 11745 | Lair:1   | 11745 ||| Stepping ~*~*~tactically~*~*~ (stealth).
 11831 | Lair:1   | 11831 ||| Stepping ~*~*~tactically~*~*~ (stealth).
 11833 | Lair:1   | 11833 ||| Stepping ~*~*~tactically~*~*~ (stealth).
 11835 | Lair:1   | 11835 ||| INVOKING Heroism.
 12130 | Lair:1   | 12130 ||| DROPPING amulet of guardian spirit.
 12131 | Lair:1   | 12131 ||| DROPPING ring of see invisible.
 12132 | Lair:1   | 12132 ||| UPGRADING to +4 ring of evasion.
 12133 | Lair:1   | 12133 ||| READING scroll labelled WIMYUPRAODGH.
 12134 | Lair:1   | 12134 ||| READING 2 scrolls of identify.
 12134 | Lair:1   | 12134 ||| IDENTIFYING bubbling dark potion
 12177 | Lair:2   | 12177 ||| INVOKING Heroism.
 12179 | Lair:2   | 12179 ||| STAIRDANCE
 12191 | Lair:2   | 12191 ||| STAIRDANCE
 12200 | Lair:2   | 12200 ||| STAIRDANCE
 12213 | Lair:2   | Reached skill level 11 in Fighting
 12223 | Lair:2   | 12223 ||| Stepping ~*~*~tactically~*~*~ (stealth).
 12225 | Lair:2   | 12225 ||| Stepping ~*~*~tactically~*~*~ (stealth).
 12226 | Lair:2   | 12226 ||| Stepping ~*~*~tactically~*~*~ (stealth).
 12227 | Lair:2   | 12227 ||| Stepping ~*~*~tactically~*~*~ (stealth).
 12232 | Lair:2   | 12232 ||| INVOKING Heroism.
 12235 | Lair:2   | Received a gift from Okawaru
 12242 | Lair:2   | 12242 ||| INVOKING Finesse.
 12246 | Lair:2   | 12246 ||| SWAPPING to +1 hand axe of flaming.
 12256 | Lair:2   | 12256 ||| SWAPPING to +2 vorpal broad axe.
 12302 | Lair:2   | Received a gift from Okawaru
 12308 | Lair:2   | 12308 ||| INVOKING Heroism.
 12326 | Lair:2   | Identified the +1 trident of Enem {holy, *Noise rC++ Will+
                  | MP+9}
 12375 | Lair:2   | 12375 ||| Stepping ~*~*~tactically~*~*~ (stealth).
 12428 | Lair:2   | 12428 ||| Stepping ~*~*~tactically~*~*~ (stealth).
 12430 | Lair:2   | 12430 ||| Stepping ~*~*~tactically~*~*~ (stealth).
 12431 | Lair:2   | 12431 ||| Stepping ~*~*~tactically~*~*~ (stealth).
 12466 | Lair:2   | 12466 ||| Stepping ~*~*~tactically~*~*~ (stealth).
 12468 | Lair:2   | 12468 ||| Stepping ~*~*~tactically~*~*~ (stealth).
 12489 | Lair:2   | 12489 ||| Stepping ~*~*~tactically~*~*~ (hiding).
 12498 | Lair:2   | 12498 ||| INVOKING Heroism.
 12502 | Lair:2   | Found a staircase to the Snake Pit.
 12563 | Lair:2   | 12563 ||| Stepping ~*~*~tactically~*~*~ (hiding).
 12639 | Lair:2   | Identified the +6 rapier of Vunihoku {speed, rN+ Int+4}
 12696 | Lair:2   | 12696 ||| INVOKING Heroism.
 12697 | Lair:2   | 12697 ||| INVOKING Finesse.
 12699 | Lair:2   | 12699 ||| SWAPPING to +1 hand axe of flaming.
 12707 | Lair:2   | Gained mutation: Your large and strong wings let you fly.
                  | [Gargoyle growth]
 12707 | Lair:2   | Reached XP level 14. HP: 90/90 MP: 14/21
 12707 | Lair:2   | 12707 ||| SWAPPING to +2 vorpal broad axe.
 12877 | Lair:2   | Noticed Harold
 12878 | Lair:2   | 12878 ||| Stepping ~*~*~tactically~*~*~ (hiding).
 12892 | Lair:2   | Killed Harold
 13153 | Lair:2   | 13153 ||| UPGRADING to +2 pair of boots of flying.
 13163 | Lair:2   | 13163 ||| DROPPING +1 pair of boots of Vuol {Rampage}.
 13206 | Lair:3   | 13206 ||| INVOKING Heroism.
 13355 | Lair:3   | 13355 ||| INVOKING Heroism.
 13403 | Lair:3   | 13403 ||| INVOKING Finesse.
 13408 | Lair:3   | 13408 ||| SWAPPING to +1 hand axe of flaming.
 13418 | Lair:3   | Reached skill level 3 in Dodging
 13418 | Lair:3   | 13418 ||| SWAPPING to +2 vorpal broad axe.
 13497 | Lair:3   | Reached skill level 15 in Axes
 13642 | Lair:3   | Found a staircase to the Swamp.
 13917 | Lair:3   | 13917 ||| READING 4 scrolls of identify.
 13917 | Lair:3   | 13917 ||| IDENTIFYING emerald potion
 13918 | Lair:3   | 13918 ||| READING 3 scrolls of identify.
 13918 | Lair:3   | 13918 ||| IDENTIFYING murky ruby potion
 13919 | Lair:3   | 13919 ||| DROPPING potion of degeneration.
 13920 | Lair:3   | 13920 ||| DROPPING potion of ambrosia.
 14027 | Lair:4   | 14027 ||| INVOKING Heroism.
 14043 | Lair:4   | Reached skill level 12 in Fighting
 14061 | Lair:4   | 14061 ||| Stepping ~*~*~tactically~*~*~ (stealth).
 14062 | Lair:4   | 14062 ||| Stepping ~*~*~tactically~*~*~ (stealth).
 14063 | Lair:4   | 14063 ||| Stepping ~*~*~tactically~*~*~ (stealth).
 14067 | Lair:4   | 14067 ||| Stepping ~*~*~tactically~*~*~ (stealth).
 14081 | Lair:4   | 14081 ||| Stepping ~*~*~tactically~*~*~ (stealth).
 14082 | Lair:4   | 14082 ||| INVOKING Heroism.
 14163 | Lair:4   | 14163 ||| FLEEEEING.
 14164 | Lair:4   | 14164 ||| FLEEEEING.
 14170 | Lair:4   | 14170 ||| FLEEEEING.
 14201 | Lair:4   | Found a staircase to the Slime Pits.
 14201 | Lair:4   | Found a viscous altar of Jiyva.
 14212 | Lair:4   | 14212 ||| Stepping ~*~*~tactically~*~*~ (stealth).
 14218 | Lair:4   | 14218 ||| Stepping ~*~*~tactically~*~*~ (stealth).
 14219 | Lair:4   | 14219 ||| Stepping ~*~*~tactically~*~*~ (stealth).
 14425 | Lair:4   | Noticed qw's ghost (journeyman GrFi)
 14433 | Lair:4   | Found a runed translucent gate.
 14433 | Lair:4   | Found a runed translucent gate.
 14433 | Lair:4   | Found a runed translucent gate.
 14533 | Lair:4   | 14533 ||| READING scroll of enchant weapon.
 14533 | Lair:4   | 14533 ||| ENCHANTING +2 vorpal broad axe.
 14656 | Lair:4   | 14656 ||| INVOKING Heroism.
 14657 | Lair:4   | 14657 ||| INVOKING Finesse.
 14722 | Lair:4   | 14722 ||| READING scroll of enchant armour.
 14722 | Lair:4   | 14722 ||| ENCHANTING +1 cloak.
 14836 | Lair:4   | 14836 ||| READING scroll of brand weapon.
 14836 | Lair:4   | 14836 ||| BRANDING +3 vorpal broad axe.
 14837 | Lair:4   | 14837 ||| DROPPING +1 hand axe of flaming.
 14881 | Lair:4   | 14881 ||| DROPPING scarf of repulsion.
 14882 | Lair:4   | 14882 ||| DRINKING 2 viscous inky potions.
 14883 | Lair:4   | 14883 ||| READING 2 scrolls of identify.
 14883 | Lair:4   | 14883 ||| IDENTIFYING cyan potion
 14884 | Lair:4   | 14884 ||| DROPPING potion of flight.
 14902 | Lair:5   | Entered Level 5 of the Lair of Beasts
 14903 | Lair:5   | 14903 ||| INVOKING Heroism.
 14904 | Lair:5   | 14904 ||| STAIRDANCE
 14949 | Lair:5   | 14949 ||| STAIRDANCE
 14993 | Lair:5   | 14993 ||| STAIRDANCE
 15032 | Lair:5   | 15032 ||| STAIRDANCE
 15034 | Lair:4   | 15034 ||| INVOKING Heroism.
 15082 | Lair:5   | 15082 ||| STAIRDANCE
 15170 | Lair:5   | 15170 ||| INVOKING Heroism.
 15183 | Lair:5   | 15183 ||| Stepping ~*~*~tactically~*~*~ (stealth).
 15195 | Lair:5   | 15195 ||| FLEEEEING.
 15196 | Lair:5   | 15196 ||| INVOKING Heroism.
 15197 | Lair:5   | 15197 ||| Stepping ~*~*~tactically~*~*~ (stealth).
 15256 | Lair:5   | 15256 ||| Stepping ~*~*~tactically~*~*~ (stealth).
 15257 | Lair:5   | 15257 ||| INVOKING Heroism.
 15258 | Lair:5   | 15258 ||| INVOKING Finesse.
 15259 | Lair:5   | 15259 ||| Stepping ~*~*~tactically~*~*~ (stealth).
 15309 | Lair:5   | 15309 ||| Stepping ~*~*~tactically~*~*~ (stealth).
 15316 | Lair:5   | 15316 ||| Stepping ~*~*~tactically~*~*~ (stealth).
 15319 | Lair:5   | 15319 ||| INVOKING Heroism.
 15334 | Lair:5   | 15334 ||| Stepping ~*~*~tactically~*~*~ (hiding).
 15443 | Lair:5   | 15443 ||| INVOKING Heroism.
 15444 | Lair:5   | 15444 ||| INVOKING Finesse.
 15527 | Lair:5   | 15527 ||| Stepping ~*~*~tactically~*~*~ (stealth).
 15528 | Lair:5   | 15528 ||| Stepping ~*~*~tactically~*~*~ (stealth).
 15542 | Lair:5   | 15542 ||| Stepping ~*~*~tactically~*~*~ (stealth).
 15543 | Lair:5   | 15543 ||| Stepping ~*~*~tactically~*~*~ (stealth).
 15544 | Lair:5   | 15544 ||| Stepping ~*~*~tactically~*~*~ (stealth).
 15545 | Lair:5   | 15545 ||| Stepping ~*~*~tactically~*~*~ (stealth).
 15546 | Lair:5   | 15546 ||| INVOKING Heroism.
 15547 | Lair:5   | Received a gift from Okawaru
 15549 | Lair:5   | 15549 ||| Stepping ~*~*~tactically~*~*~ (stealth).
 15579 | Lair:5   | Reached skill level 12 in Armour
 15610 | Lair:5   | 15610 ||| Stepping ~*~*~tactically~*~*~ (stealth).
 15616 | Lair:5   | Reached XP level 15. HP: 95/96 MP: 22/22
 15714 | Lair:5   | 15714 ||| INVOKING Heroism.
 15760 | Lair:5   | 15760 ||| INVOKING Heroism.
 15821 | Lair:5   | Reached ****** piety under Okawaru
 15871 | Lair:5   | Received a gift from Okawaru
 15875 | Lair:5   | 15875 ||| FLEEEEING.
 15876 | Lair:5   | 15876 ||| FLEEEEING.
 15877 | Lair:5   | 15877 ||| FLEEEEING.
 15878 | Lair:5   | 15878 ||| FLEEEEING.
 15880 | Lair:5   | 15880 ||| FLEEEEING.
 15881 | Lair:5   | 15881 ||| FLEEEEING.
 15882 | Lair:5   | 15882 ||| FLEEEEING.
 15950 | Lair:5   | 15950 ||| INVOKING Heroism.
 15951 | Lair:5   | 15951 ||| INVOKING Finesse.
 16061 | Lair:5   | 16061 ||| Stepping ~*~*~tactically~*~*~ (hiding).
 16062 | Lair:5   | 16062 ||| Stepping ~*~*~tactically~*~*~ (hiding).
 16117 | Lair:5   | 16117 ||| INVOKING Heroism.
 16204 | Lair:5   | Identified the +4 mace of the Pyrrhic Victory {drain, rF+}
 16282 | Lair:5   | 16282 ||| Stepping ~*~*~tactically~*~*~ (hiding).
 16362 | Lair:5   | 16362 ||| Stepping ~*~*~tactically~*~*~ (hiding).
 16534 | Lair:5   | 16534 ||| Stepping ~*~*~tactically~*~*~ (hiding).
 16617 | Lair:5   | 16617 ||| PLANNING D
 16789 | D:12     | 16789 ||| INVOKING Heroism.
 16872 | D:12     | 16872 ||| READING scroll of enchant weapon.
 16872 | D:12     | 16872 ||| ENCHANTING +3 broad axe of flaming.
 16886 | D:12     | 16886 ||| READING scroll of brand weapon.
 16886 | D:12     | 16886 ||| BRANDING +4 broad axe of flaming.
 16914 | D:12     | Found a white marble altar of Elyvilon.
 17248 | D:12     | Reached skill level 13 in Fighting
 17377 | D:13     | 17377 ||| Stepping ~*~*~tactically~*~*~ (stealth).
 17380 | D:13     | 17380 ||| Stepping ~*~*~tactically~*~*~ (stealth).
 17383 | D:13     | Identified the +5 kite shield of the Heavens {Str+3 SInv}
                  | (Okawaru gifted it to you on level 13 of the Dungeon)
 17383 | D:13     | Received a gift from Okawaru
 17403 | D:13     | Found a gate to the Vaults.
 17521 | D:13     | Noticed Maurice
 17532 | D:13     | Killed Maurice
 17548 | D:13     | 17548 ||| INVOKING Heroism.
 17622 | D:13     | Noticed Nessos
 17623 | D:13     | 17623 ||| Stepping ~*~*~tactically~*~*~ (hiding).
 17624 | D:13     | 17624 ||| Stepping ~*~*~tactically~*~*~ (hiding).
 17625 | D:13     | 17625 ||| INVOKING Finesse.
 17628 | D:13     | 17628 ||| INVOKING Heroism.
 17636 | D:13     | Killed Nessos
 17721 | D:13     | 17721 ||| INVOKING Heroism.
 17766 | D:13     | 17766 ||| Stepping ~*~*~tactically~*~*~ (stealth).
 17799 | D:13     | Identified the +12 sling of Desertification {flame, Dex+4}
 18070 | D:13     | 18070 ||| Stepping ~*~*~tactically~*~*~ (stealth).
 18077 | D:13     | 18077 ||| INVOKING Heroism.
 18119 | D:13     | 18119 ||| DROPPING +2 flail of protection.
 18371 | D:13     | 18371 ||| UPGRADING to +5 kite shield of the Heavens {Str+3
                  | SInv}.
 18381 | D:13     | 18381 ||| REMOVING ring of see invisible.
 18382 | D:13     | 18382 ||| DROPPING +3 buckler of Purpose {Str+6}.
 18383 | D:13     | 18383 ||| UPGRADING to ring of willpower.
 18693 | D:14     | 18693 ||| Stepping ~*~*~tactically~*~*~ (stealth).
 18694 | D:14     | 18694 ||| Stepping ~*~*~tactically~*~*~ (stealth).
 18697 | D:14     | 18697 ||| Stepping ~*~*~tactically~*~*~ (stealth).
 18698 | D:14     | 18698 ||| Stepping ~*~*~tactically~*~*~ (stealth).
 18761 | D:14     | 18761 ||| Stepping ~*~*~tactically~*~*~ (hiding).
 18926 | D:14     | 18926 ||| Stepping ~*~*~tactically~*~*~ (hiding).
 18929 | D:14     | 18929 ||| Stepping ~*~*~tactically~*~*~ (hiding).
 18942 | D:14     | Reached XP level 16. HP: 94/104 MP: 23/23
 19053 | D:15     | Entered Level 15 of the Dungeon
 19059 | D:15     | 19059 ||| INVOKING Heroism.
 19061 | D:15     | Reached skill level 9 in Shields
 19139 | D:15     | 19139 ||| Stepping ~*~*~tactically~*~*~ (hiding).
 19141 | D:15     | 19141 ||| INVOKING Heroism.
 19147 | D:15     | 19147 ||| Stepping ~*~*~tactically~*~*~ (hiding).
 19167 | D:15     | Found a staircase to the Depths.
 19255 | D:15     | 19255 ||| Stepping ~*~*~tactically~*~*~ (stealth).
 19256 | D:15     | 19256 ||| INVOKING Heroism.
 19257 | D:15     | 19257 ||| INVOKING Finesse.
 19341 | D:15     | 19341 ||| Stepping ~*~*~tactically~*~*~ (hiding).
 19368 | D:15     | 19368 ||| INVOKING Heroism.
 19398 | D:15     | 19398 ||| DROPPING +0 hand axe of flaming.
 19401 | D:15     | 19401 ||| Stepping ~*~*~tactically~*~*~ (hiding).
 19669 | D:15     | Identified Roxanne's Precepts of Forms
 19669 | D:15     | Noticed Roxanne
 19670 | D:15     | 19670 ||| INVOKING Heroism.
 19671 | D:15     | 19671 ||| INVOKING Finesse.
 19687 | D:15     | Killed Roxanne
 19865 | D:15     | 19865 ||| PLANNING ORC
 19865 | D:15     | 19865 ||| DROPPING ring of see invisible.
 19866 | D:15     | 19866 ||| UPGRADING to +4 ring of protection.
 19868 | D:15     | 19868 ||| DROPPING ring of willpower.
 20017 | Orc:1    | Entered Level 1 of the Orcish Mines
 20017 | Orc:1    | Found Luiryraph's Antique Weapon Emporium.
 20020 | Orc:1    | 20020 ||| Stepping ~*~*~tactically~*~*~ (hiding).
 20021 | Orc:1    | 20021 ||| Stepping ~*~*~tactically~*~*~ (hiding).
 20023 | Orc:1    | 20023 ||| Stepping ~*~*~tactically~*~*~ (hiding).
 20024 | Orc:1    | 20024 ||| Stepping ~*~*~tactically~*~*~ (hiding).
 20037 | Orc:1    | 20037 ||| BUYING glowing broad axe (189 gold).
 20037 | Orc:1    | Bought a glowing broad axe for 189 gold pieces
 20037 | Orc:1    | 20037 ||| DROPPING +1 broad axe of freezing.
 20043 | Orc:1    | 20043 ||| INVOKING Heroism.
 20044 | Orc:1    | Found Puk Xisch's Distillery.
 20068 | Orc:1    | 20068 ||| BUYING 2 potions of might (104 gold).
 20068 | Orc:1    | Bought 2 potions of might for 104 gold pieces
 20068 | Orc:1    | 20068 ||| BUYING potion of curing (39 gold).
 20068 | Orc:1    | Bought a potion of curing for 39 gold pieces
 20068 | Orc:1    | 20068 ||| BUYING potion of curing (39 gold).
 20068 | Orc:1    | Bought a potion of curing for 39 gold pieces
 20068 | Orc:1    | 20068 ||| BUYING potion of heal wounds (65 gold).
 20068 | Orc:1    | Bought a potion of heal wounds for 65 gold pieces
 20068 | Orc:1    | 20068 ||| BUYING potion of heal wounds (65 gold).
 20068 | Orc:1    | Bought a potion of heal wounds for 65 gold pieces
 20068 | Orc:1    | 20068 ||| BUYING potion of heal wounds (65 gold).
 20068 | Orc:1    | Bought a potion of heal wounds for 65 gold pieces
 20068 | Orc:1    | 20068 ||| BUYING potion of magic (104 gold).
 20068 | Orc:1    | Bought a potion of magic for 104 gold pieces
 20068 | Orc:1    | 20068 ||| BUYING potion of might (52 gold).
 20068 | Orc:1    | Bought a potion of might for 52 gold pieces
 20097 | Orc:1    | Found Fakhlirepp's Magic Scroll Shop.
 20101 | Orc:1    | 20101 ||| Stepping ~*~*~tactically~*~*~ (hiding).
 20102 | Orc:1    | 20102 ||| Stepping ~*~*~tactically~*~*~ (hiding).
 20108 | Orc:1    | 20108 ||| Stepping ~*~*~tactically~*~*~ (hiding).
 20110 | Orc:1    | 20110 ||| Stepping ~*~*~tactically~*~*~ (hiding).
 20111 | Orc:1    | 20111 ||| Stepping ~*~*~tactically~*~*~ (hiding).
 20128 | Orc:1    | 20128 ||| BUYING scroll of identify (28 gold).
 20128 | Orc:1    | Bought a scroll of identify for 28 gold pieces
 20128 | Orc:1    | 20128 ||| BUYING scroll of identify (28 gold).
 20128 | Orc:1    | Bought a scroll of identify for 28 gold pieces
 20128 | Orc:1    | 20128 ||| BUYING scroll of identify (28 gold).
 20128 | Orc:1    | Bought a scroll of identify for 28 gold pieces
 20128 | Orc:1    | 20128 ||| BUYING scroll of identify (28 gold).
 20128 | Orc:1    | Bought a scroll of identify for 28 gold pieces
 20128 | Orc:1    | 20128 ||| BUYING scroll of teleportation (42 gold).
 20128 | Orc:1    | Bought a scroll of teleportation for 42 gold pieces
 20128 | Orc:1    | 20128 ||| BUYING scroll of teleportation (42 gold).
 20128 | Orc:1    | Bought a scroll of teleportation for 42 gold pieces
 20243 | Orc:1    | Found Ifeaboxu's General Store.
 20252 | Orc:1    | 20252 ||| BUYING scroll of brand weapon (104 gold).
 20252 | Orc:1    | Bought a scroll of brand weapon for 104 gold pieces
 20252 | Orc:1    | 20252 ||| BUYING scroll of identify (22 gold).
 20252 | Orc:1    | Bought a scroll of identify for 22 gold pieces
 20253 | Orc:1    | 20253 ||| INVOKING Heroism.
 20261 | Orc:1    | 20261 ||| READING scroll of brand weapon.
 20261 | Orc:1    | 20261 ||| BRANDING +4 broad axe of chaos.
 20280 | Orc:1    | Found a transporter.
 20282 | Orc:1    | Found a transporter.
 20282 | Orc:1    | Noticed kazak's ghost (journeyman OpFE)
 20285 | Orc:1    | Identified the +7 great mace "Potueh" {vorpal, Dex+4}
 20285 | Orc:1    | Identified the +11 great mace of the Saviour {chaos, rN+}
 20372 | Orc:1    | Found Kughum's Assorted Antiques.
 20375 | Orc:1    | 20375 ||| BUYING potion of lignification (96 gold).
 20375 | Orc:1    | Bought a potion of lignification for 96 gold pieces
 20375 | Orc:1    | 20375 ||| BUYING potion of lignification (96 gold).
 20375 | Orc:1    | Bought a potion of lignification for 96 gold pieces
 20375 | Orc:1    | 20375 ||| BUYING potion of mutation (256 gold).
 20375 | Orc:1    | Bought a potion of mutation for 256 gold pieces
 20375 | Orc:1    | 20375 ||| BUYING scroll of identify (64 gold).
 20375 | Orc:1    | Bought a scroll of identify for 64 gold pieces
 20375 | Orc:1    | 20375 ||| SHOPLISTING wand of digging (8) (1075 gold, have
                  | 452).
 20488 | Orc:2    | Entered Level 2 of the Orcish Mines
 20489 | Orc:2    | 20489 ||| INVOKING Heroism.
 20510 | Orc:2    | Found a staircase to the Elven Halls.
 20600 | Orc:2    | 20600 ||| INVOKING Heroism.
 20623 | Orc:2    | Received a gift from Okawaru
 20652 | Orc:2    | 20652 ||| INVOKING Heroism.
 20665 | Orc:2    | 20665 ||| INVOKING Heroism.
 20700 | Orc:2    | 20700 ||| DROPPING +1 hand axe of flaming.
 20740 | Orc:2    | 20740 ||| INVOKING Heroism.
 20762 | Orc:2    | 20762 ||| INVOKING Finesse.
 20806 | Orc:2    | 20806 ||| Stepping ~*~*~tactically~*~*~ (hiding).
 20852 | Orc:2    | 20852 ||| INVOKING Heroism.
 20908 | Orc:2    | 20908 ||| Stepping ~*~*~tactically~*~*~ (stealth).
 20916 | Orc:2    | 20916 ||| Stepping ~*~*~tactically~*~*~ (stealth).
 20917 | Orc:2    | 20917 ||| Stepping ~*~*~tactically~*~*~ (stealth).
 20919 | Orc:2    | 20919 ||| Stepping ~*~*~tactically~*~*~ (stealth).
 20922 | Orc:2    | 20922 ||| INVOKING Heroism.
 20923 | Orc:2    | 20923 ||| Stepping ~*~*~tactically~*~*~ (stealth).
 20931 | Orc:2    | Reached skill level 12 in Shields
 21003 | Orc:2    | Found Fatasm Qalell's General Store.
 21003 | Orc:2    | Found Jodyjar's Weapon Emporium.
 21003 | Orc:2    | Found Ulajeux's Book Shoppe.
 21006 | Orc:2    | Found Wyder's Distillery.
 21027 | Orc:2    | 21027 ||| BUYING 2 potions of curing (78 gold).
 21027 | Orc:2    | Bought 2 potions of curing for 78 gold pieces
 21027 | Orc:2    | 21027 ||| BUYING potion of attraction (39 gold).
 21027 | Orc:2    | Bought a potion of attraction for 39 gold pieces
 21029 | Orc:2    | 21029 ||| BUYING 2 potions of curing (96 gold).
 21029 | Orc:2    | Bought 2 potions of curing for 96 gold pieces
 21029 | Orc:2    | 21029 ||| BUYING 2 potions of might (128 gold).
 21029 | Orc:2    | Bought 2 potions of might for 128 gold pieces
 21029 | Orc:2    | 21029 ||| BUYING potion of curing (48 gold).
 21029 | Orc:2    | Bought a potion of curing for 48 gold pieces
 21029 | Orc:2    | 21029 ||| BUYING potion of curing (48 gold).
 21029 | Orc:2    | Bought a potion of curing for 48 gold pieces
 21029 | Orc:2    | 21029 ||| BUYING potion of might (64 gold).
 21029 | Orc:2    | Bought a potion of might for 64 gold pieces
 21068 | Orc:2    | 21068 ||| INVOKING Heroism.
 21069 | Orc:2    | 21069 ||| INVOKING Finesse.
 21214 | Orc:2    | Found a runed translucent gate.
 21214 | Orc:2    | Found a runed translucent gate.
 21214 | Orc:2    | Found a runed translucent gate.
 21215 | Orc:2    | Noticed qw's ghost (adept GrFi)
 21337 | Orc:2    | 21337 ||| PLANNING SNAKE:1-3
 21500 | Snake:1  | Entered Level 1 of the Snake Pit
 21537 | Snake:1  | 21537 ||| Stepping ~*~*~tactically~*~*~ (hiding).
 21544 | Snake:1  | 21544 ||| INVOKING Heroism.
 21582 | Snake:1  | 21582 ||| Stepping ~*~*~tactically~*~*~ (hiding).
 21806 | Snake:1  | 21806 ||| Stepping ~*~*~tactically~*~*~ (hiding).
 21889 | Snake:1  | 21889 ||| Stepping ~*~*~tactically~*~*~ (hiding).
 21914 | Snake:1  | 21914 ||| Stepping ~*~*~tactically~*~*~ (hiding).
 21924 | Snake:1  | 21924 ||| Stepping ~*~*~tactically~*~*~ (stealth).
 21925 | Snake:1  | 21925 ||| Stepping ~*~*~tactically~*~*~ (stealth).
 21928 | Snake:1  | 21928 ||| Stepping ~*~*~tactically~*~*~ (hiding).
 21929 | Snake:1  | 21929 ||| Stepping ~*~*~tactically~*~*~ (hiding).
 21932 | Snake:1  | 21932 ||| INVOKING Heroism.
 22041 | Snake:1  | Found Fyppob's Distillery.
 22046 | Snake:1  | Found Diojesid's Book Shoppe.
 22049 | Snake:1  | 22049 ||| BUYING potion of cancellation (96 gold).
 22049 | Snake:1  | Bought a potion of cancellation for 96 gold pieces
 22049 | Snake:1  | 22049 ||| BUYING potion of curing (36 gold).
 22049 | Snake:1  | Bought a potion of curing for 36 gold pieces
 22049 | Snake:1  | 22049 ||| BUYING potion of haste (120 gold).
 22049 | Snake:1  | Bought a potion of haste for 120 gold pieces
 22049 | Snake:1  | 22049 ||| BUYING potion of lignification (36 gold).
 22049 | Snake:1  | Bought a potion of lignification for 36 gold pieces
 22049 | Snake:1  | 22049 ||| SHOPLISTING potion of magic (96 gold, have 95).
 22052 | Snake:1  | 22052 ||| Stepping ~*~*~tactically~*~*~ (hiding).
 22059 | Snake:1  | 22059 ||| INVOKING Heroism.
 22304 | Snake:1  | 22304 ||| Stepping ~*~*~tactically~*~*~ (hiding).
 22306 | Snake:1  | 22306 ||| Stepping ~*~*~tactically~*~*~ (hiding).
 22309 | Snake:1  | 22309 ||| Stepping ~*~*~tactically~*~*~ (hiding).
 22310 | Snake:1  | 22310 ||| Stepping ~*~*~tactically~*~*~ (hiding).
 22441 | Snake:1  | 22441 ||| Stepping ~*~*~tactically~*~*~ (stealth).
 22443 | Snake:1  | 22443 ||| Stepping ~*~*~tactically~*~*~ (stealth).
 22448 | Snake:1  | 22448 ||| INVOKING Heroism.
 22452 | Snake:1  | Reached skill level 18 in Axes
 22565 | Snake:1  | 22565 ||| Stepping ~*~*~tactically~*~*~ (hiding).
 22691 | Snake:1  | Found a large runed translucent door.
 22691 | Snake:1  | Found a large runed translucent door.
 22691 | Snake:1  | Noticed wjtupper's ghost (adept MiHu)
 22816 | Snake:1  | 22816 ||| INVOKING Heroism.
 22969 | Snake:1  | 22969 ||| UPGRADING to +1 tower shield of protection.
 22979 | Snake:1  | 22979 ||| DROPPING +5 kite shield of the Heavens {Str+3
                  | SInv}.
 23014 | Snake:2  | 23014 ||| Stepping ~*~*~tactically~*~*~ (hiding).
 23015 | Snake:2  | 23015 ||| Stepping ~*~*~tactically~*~*~ (hiding).
 23017 | Snake:2  | 23017 ||| INVOKING Heroism.
 23039 | Snake:2  | 23039 ||| READING scroll of brand weapon.
 23039 | Snake:2  | 23039 ||| BRANDING +4 broad axe of protection.
 23076 | Snake:2  | Found a runed translucent gate.
 23076 | Snake:2  | Found a runed translucent gate.
 23076 | Snake:2  | Found a runed translucent gate.
 23078 | Snake:2  | Found an opulent altar of Gozag.
 23199 | Snake:2  | Found Hehusikh's Assorted Antiques.
 23202 | Snake:2  | Noticed Ciageutz's ghost (journeyman GnHW)
 23206 | Snake:2  | 23206 ||| INVOKING Heroism.
 23215 | Snake:2  | Received a gift from Okawaru
 23231 | Snake:2  | 23231 ||| INVOKING Heroism.
 23236 | Snake:2  | Reached XP level 17. HP: 109/109 MP: 21/24
 23597 | Snake:3  | 23597 ||| INVOKING Heroism.
 23604 | Snake:3  | Received a gift from Okawaru
 23634 | Snake:3  | Reached skill level 15 in Shields
 23725 | Snake:3  | 23725 ||| Stepping ~*~*~tactically~*~*~ (hiding).
 23732 | Snake:3  | 23732 ||| Stepping ~*~*~tactically~*~*~ (hiding).
 23733 | Snake:3  | 23733 ||| Stepping ~*~*~tactically~*~*~ (hiding).
 23736 | Snake:3  | 23736 ||| INVOKING Heroism.
 23937 | Snake:3  | 23937 ||| Stepping ~*~*~tactically~*~*~ (stealth).
 23987 | Snake:3  | 23987 ||| Stepping ~*~*~tactically~*~*~ (hiding).
 23993 | Snake:3  | 23993 ||| INVOKING Heroism.
 24072 | Snake:3  | 24072 ||| Stepping ~*~*~tactically~*~*~ (hiding).
 24074 | Snake:3  | 24074 ||| INVOKING Heroism.
 24119 | Snake:3  | 24119 ||| Stepping ~*~*~tactically~*~*~ (hiding).
 24120 | Snake:3  | 24120 ||| Stepping ~*~*~tactically~*~*~ (hiding).
 24124 | Snake:3  | 24124 ||| Stepping ~*~*~tactically~*~*~ (hiding).
 24322 | Snake:3  | 24322 ||| Stepping ~*~*~tactically~*~*~ (hiding).
 24348 | Snake:3  | 24348 ||| READING scroll of enchant weapon.
 24348 | Snake:3  | 24348 ||| ENCHANTING +4 broad axe of freezing.
 24607 | Snake:3  | 24607 ||| INVOKING Heroism.
 24762 | Snake:3  | 24762 ||| INVOKING Heroism.
 24804 | Snake:3  | 24804 ||| Stepping ~*~*~tactically~*~*~ (stealth).
 24873 | Snake:3  | 24873 ||| INVOKING Heroism.
 25070 | Snake:3  | 25070 ||| PLANNING SWAMP:1-3
 25070 | Snake:3  | 25070 ||| UPGRADING to +1 cloak of willpower.
 25080 | Snake:3  | 25080 ||| READING scroll labelled GEIT SIATEO.
 25352 | Swamp:1  | Entered Level 1 of the Swamp
 25392 | Swamp:1  | 25392 ||| INVOKING Heroism.
 25434 | Swamp:1  | 25434 ||| INVOKING Heroism.
 25438 | Swamp:1  | 25438 ||| SWAPPING to +0 broad axe of flaming.
 25442 | Swamp:1  | 25442 ||| SWAPPING to +5 broad axe of freezing.
 25450 | Swamp:1  | 25450 ||| Stepping ~*~*~tactically~*~*~ (stealth).
 25450 | Swamp:1  | Noticed Josephine
 25451 | Swamp:1  | 25451 ||| Stepping ~*~*~tactically~*~*~ (hiding).
 25452 | Swamp:1  | 25452 ||| Stepping ~*~*~tactically~*~*~ (hiding).
 25453 | Swamp:1  | 25453 ||| Stepping ~*~*~tactically~*~*~ (hiding).
 25461 | Swamp:1  | Killed Josephine
 25506 | Swamp:1  | 25506 ||| INVOKING Heroism.
 25525 | Swamp:1  | 25525 ||| Stepping ~*~*~tactically~*~*~ (cloud).
 25530 | Swamp:1  | 25530 ||| SWAPPING to +0 broad axe of flaming.
 25535 | Swamp:1  | 25535 ||| SWAPPING to +5 broad axe of freezing.
 25546 | Swamp:1  | 25546 ||| INVOKING Heroism.
 25560 | Swamp:1  | Received a gift from Okawaru
 25595 | Swamp:1  | 25595 ||| SWAPPING to +3 broad axe of electrocution.
 25596 | Swamp:1  | 25596 ||| DROPPING +5 broad axe of freezing.
 25604 | Swamp:1  | Found a basalt altar of Yredelemnul.
 25617 | Swamp:1  | 25617 ||| INVOKING Heroism.
 25620 | Swamp:1  | 25620 ||| Stepping ~*~*~tactically~*~*~ (cloud).
 25623 | Swamp:1  | 25623 ||| SWAPPING to +0 broad axe of flaming.
 25633 | Swamp:1  | 25633 ||| SWAPPING to +3 broad axe of electrocution.
 25696 | Swamp:1  | 25696 ||| Stepping ~*~*~tactically~*~*~ (stealth).
 25697 | Swamp:1  | 25697 ||| Stepping ~*~*~tactically~*~*~ (stealth).
 25730 | Swamp:1  | 25730 ||| INVOKING Heroism.
 25762 | Swamp:1  | 25762 ||| Stepping ~*~*~tactically~*~*~ (stealth).
 25766 | Swamp:1  | 25766 ||| INVOKING Heroism.
 25842 | Swamp:1  | Reached skill level 14 in Fighting
 26122 | Swamp:1  | 26122 ||| DROPPING +0 chain mail of positive energy.
 26123 | Swamp:1  | 26123 ||| DROPPING +6 ring of dexterity.
 26162 | Swamp:2  | 26162 ||| INVOKING Heroism.
 26183 | Swamp:2  | Reached skill level 18 in Shields
 26184 | Swamp:2  | 26184 ||| Stepping ~*~*~tactically~*~*~ (hiding).
 26186 | Swamp:2  | 26186 ||| Stepping ~*~*~tactically~*~*~ (hiding).
 26190 | Swamp:2  | 26190 ||| Stepping ~*~*~tactically~*~*~ (hiding).
 26218 | Swamp:2  | You are sucked into a shaft and drop 1 floor!
 26218 | Swamp:3  | Identified the +9 halberd of Truncation {chaos, rElec SInv}
 26218 | Swamp:3  | Noticed qw's ghost (adept GrFi)
 26218 | Swamp:3  | Found a runed translucent door.
 26218 | Swamp:3  | Found a shimmering altar of Xom.
 26218 | Swamp:3  | Noticed Louise
 26235 | Swamp:3  | Killed Louise
 26235 | Swamp:3  | Received a gift from Okawaru
 26235 | Swamp:3  | Found the +15 Maxwell's patent armour {-Cast -Tele rElec
                  | Will+ rCorr}
 26236 | Swamp:3  | Reached XP level 18. HP: 98/116 MP: 25/25
 26251 | Swamp:3  | 26251 ||| DROPPING +0 broad axe of flaming.
 26253 | Swamp:3  | 26253 ||| INVOKING Heroism.
 26404 | Swamp:2  | 26404 ||| INVOKING Heroism.
 26476 | Swamp:2  | 26476 ||| INVOKING Heroism.
 26628 | Swamp:2  | 26628 ||| Stepping ~*~*~tactically~*~*~ (hiding).
 26910 | Swamp:3  | Noticed Nikola
 26911 | Swamp:3  | 26911 ||| INVOKING Heroism.
 26912 | Swamp:3  | 26912 ||| INVOKING Finesse.
 26925 | Swamp:3  | Killed Nikola
 26987 | Swamp:3  | Identified the +1 chain mail of the Illusory Coins {+Blink
                  | Int-3 Dex+8}
 26990 | Swamp:3  | 26990 ||| INVOKING Heroism.
 27015 | Swamp:3  | HP: 23/117 [tyrant leech[a spriggan druid] (12)]
 27016 | Swamp:3  | 27016 ||| READING 10 scrolls of teleportation.
 27016 | Swamp:3  | HP: 10/117 [bunyip[a spriggan druid] (14)]
 27017 | Swamp:3  | 27017 ||| DRINKING 8 potions of heal wounds.
 27018 | Swamp:3  | 27018 ||| DRINKING 7 potions of heal wounds.
 27020 | Swamp:3  | 27020 ||| DRINKING 6 potions of heal wounds.
 27039 | Swamp:3  | 27039 ||| Stepping ~*~*~tactically~*~*~ (stealth).
 27042 | Swamp:3  | 27042 ||| INVOKING Heroism.
 27144 | Swamp:3  | Reached skill level 15 in Fighting
 27231 | Swamp:3  | 27231 ||| INVOKING Heroism.
 27620 | Swamp:3  | 27620 ||| PLANNING SNAKE:4
 27620 | Swamp:3  | 27620 ||| DROPPING +1 chain mail of the Illusory Coins
                  | {+Blink Int-3 Dex+8}.
 27621 | Swamp:3  | 27621 ||| DROPPING +1 hat.
 27834 | Snake:4  | Entered Level 4 of the Snake Pit
 27834 | Snake:4  | Noticed Aizul
 27835 | Snake:4  | 27835 ||| INVOKING Heroism.
 27836 | Snake:4  | 27836 ||| INVOKING Finesse.
 27857 | Snake:4  | Killed Aizul
 28003 | Snake:4  | 28003 ||| INVOKING Heroism.
 28050 | Snake:4  | 28050 ||| INVOKING Heroism.
 28120 | Snake:4  | 28120 ||| INVOKING Heroism.
 28185 | Snake:4  | 28185 ||| INVOKING Heroism.
 28202 | Snake:4  | Reached skill level 15 in Armour
 28259 | Snake:4  | 28259 ||| Stepping ~*~*~tactically~*~*~ (hiding).
 28267 | Snake:4  | 28267 ||| INVOKING Heroism.
 28395 | Snake:4  | 28395 ||| READING scroll of enchant weapon.
 28395 | Snake:4  | 28395 ||| ENCHANTING +3 broad axe of electrocution.
 28486 | Snake:4  | 28486 ||| INVOKING Heroism.
 28498 | Snake:4  | Received a gift from Okawaru
 28569 | Snake:4  | 28569 ||| Stepping ~*~*~tactically~*~*~ (stealth).
 28571 | Snake:4  | 28571 ||| Stepping ~*~*~tactically~*~*~ (hiding).
 28579 | Snake:4  | 28579 ||| INVOKING Heroism.
 28623 | Snake:4  | 28623 ||| INVOKING Heroism.
 28660 | Snake:4  | 28660 ||| INVOKING Heroism.
 28712 | Snake:4  | 28712 ||| Stepping ~*~*~tactically~*~*~ (hiding).
 28720 | Snake:4  | 28720 ||| INVOKING Heroism.
 28747 | Snake:4  | 28747 ||| Stepping ~*~*~tactically~*~*~ (stealth).
 28749 | Snake:4  | 28749 ||| Stepping ~*~*~tactically~*~*~ (hiding).
 28767 | Snake:4  | Reached XP level 19. HP: 103/124 MP: 26/26
 28787 | Snake:4  | Got a serpentine rune of Zot
 28864 | Snake:4  | 28864 ||| INVOKING Heroism.
 28879 | Snake:4  | 28879 ||| Stepping ~*~*~tactically~*~*~ (hiding).
 28923 | Snake:4  | 28923 ||| Stepping ~*~*~tactically~*~*~ (hiding).
 28935 | Snake:4  | 28935 ||| INVOKING Heroism.
 28958 | Snake:4  | Received a gift from Okawaru
 28977 | Snake:4  | 28977 ||| Stepping ~*~*~tactically~*~*~ (hiding).
 28978 | Snake:4  | 28978 ||| Stepping ~*~*~tactically~*~*~ (hiding).
 28982 | Snake:4  | 28982 ||| INVOKING Heroism.
 29001 | Snake:4  | Reached skill level 16 in Fighting
 29105 | Snake:4  | 29105 ||| Stepping ~*~*~tactically~*~*~ (hiding).
 29108 | Snake:4  | 29108 ||| INVOKING Heroism.
 29151 | Snake:4  | 29151 ||| Stepping ~*~*~tactically~*~*~ (stealth).
 29153 | Snake:4  | 29153 ||| Stepping ~*~*~tactically~*~*~ (stealth).
 29154 | Snake:4  | 29154 ||| FLEEEEING.
 29270 | Snake:4  | 29270 ||| Stepping ~*~*~tactically~*~*~ (hiding).
 29275 | Snake:4  | 29275 ||| INVOKING Heroism.
 29409 | Snake:4  | 29409 ||| Stepping ~*~*~tactically~*~*~ (hiding).
 29414 | Snake:4  | 29414 ||| INVOKING Heroism.
 29681 | Snake:4  | 29681 ||| Stepping ~*~*~tactically~*~*~ (hiding).
 29698 | Snake:4  | 29698 ||| INVOKING Heroism.
 29820 | Snake:4  | 29820 ||| INVOKING Heroism.
 29991 | Snake:4  | 29991 ||| INVOKING Heroism.
 30007 | Snake:4  | 30007 ||| PLANNING VAULTS:1-4
 30007 | Snake:4  | 30007 ||| UPGRADING to +2 tower shield of protection.
 30017 | Snake:4  | 30017 ||| DROPPING +1 tower shield of protection.
 30018 | Snake:4  | 30018 ||| READING scroll labelled SUIPTO ARIBUW.
 30214 | Vaults:1 | Entered Level 1 of the Vaults
 30241 | Vaults:1 | 30241 ||| Stepping ~*~*~tactically~*~*~ (hiding).
 30246 | Vaults:1 | 30246 ||| Stepping ~*~*~tactically~*~*~ (hiding).
 30248 | Vaults:1 | 30248 ||| Stepping ~*~*~tactically~*~*~ (hiding).
 30251 | Vaults:1 | 30251 ||| INVOKING Heroism.
 30286 | Vaults:1 | Received a gift from Okawaru
 30291 | Vaults:1 | 30291 ||| DROPPING +2 broad axe of flaming.
 30295 | Vaults:1 | 30295 ||| Stepping ~*~*~tactically~*~*~ (hiding).
 30296 | Vaults:1 | 30296 ||| Stepping ~*~*~tactically~*~*~ (hiding).
 30297 | Vaults:1 | 30297 ||| Stepping ~*~*~tactically~*~*~ (hiding).
 30298 | Vaults:1 | 30298 ||| Stepping ~*~*~tactically~*~*~ (hiding).
 30300 | Vaults:1 | 30300 ||| Stepping ~*~*~tactically~*~*~ (hiding).
 30306 | Vaults:1 | 30306 ||| INVOKING Heroism.
 30316 | Vaults:1 | 30316 ||| Stepping ~*~*~tactically~*~*~ (stealth).
 30580 | Vaults:1 | 30580 ||| Stepping ~*~*~tactically~*~*~ (stealth).
 30599 | Vaults:1 | 30599 ||| INVOKING Heroism.
 30600 | Vaults:1 | 30600 ||| INVOKING Finesse.
 30658 | Vaults:1 | 30658 ||| INVOKING Heroism.
 30748 | Vaults:1 | Reached skill level 17 in Fighting
 30972 | Vaults:1 | 30972 ||| READING scroll of enchant weapon.
 30972 | Vaults:1 | 30972 ||| ENCHANTING +4 broad axe of electrocution.
 31020 | Vaults:1 | 31020 ||| INVOKING Heroism.
 31197 | Vaults:1 | 31197 ||| INVOKING Heroism.
 31198 | Vaults:1 | 31198 ||| INVOKING Finesse.
 31201 | Vaults:1 | HP: 32/128 [frost giant/bolt of cold (39)]
 31202 | Vaults:1 | 31202 ||| READING 10 scrolls of teleportation.
 31397 | Vaults:1 | 31397 ||| INVOKING Heroism.
 31398 | Vaults:1 | 31398 ||| INVOKING Finesse.
 31471 | Vaults:1 | 31471 ||| INVOKING Heroism.
 31472 | Vaults:1 | 31472 ||| INVOKING Finesse.
 31537 | Vaults:1 | Identified a scroll of acquirement
 31540 | Vaults:1 | 31540 ||| READING scroll of acquirement.
 31540 | Vaults:1 | 31540 ||| ACQUIRING amulet of Oluemea {Reflect Will+ Dex-2
                  | SH+5 Stlth+}
 31540 | Vaults:1 | Acquired the amulet of Oluemea {Reflect Will+ Dex-2 SH+5
                  | Stlth+}
 31542 | Vaults:1 | 31542 ||| UPGRADING to amulet of Oluemea {Reflect Will+
                  | Dex-2 SH+5 Stlth+}.
 31631 | Vaults:2 | 31631 ||| STAIRDANCE
 31642 | Vaults:2 | 31642 ||| STAIRDANCE
 31653 | Vaults:2 | 31653 ||| STAIRDANCE
 31658 | Vaults:1 | Received a gift from Okawaru
 31731 | Vaults:2 | 31731 ||| STAIRDANCE
 31831 | Vaults:2 | Reached skill level 6 in Throwing
 31934 | Vaults:2 | 31934 ||| Stepping ~*~*~tactically~*~*~ (hiding).
 32099 | Vaults:2 | Identified the +0 helmet of Toump {Str+7}
 32103 | Vaults:2 | 32103 ||| Stepping ~*~*~tactically~*~*~ (hiding).
 32133 | Vaults:2 | 32133 ||| INVOKING Heroism.
 32134 | Vaults:2 | 32134 ||| INVOKING Finesse.
 32237 | Vaults:2 | 32237 ||| INVOKING Heroism.
 32262 | Vaults:2 | Reached XP level 20. HP: 132/134 MP: 27/27
 32394 | Vaults:2 | 32394 ||| Stepping ~*~*~tactically~*~*~ (stealth).
 32406 | Vaults:2 | 32406 ||| Stepping ~*~*~tactically~*~*~ (stealth).
 32518 | Vaults:2 | 32518 ||| INVOKING Heroism.
 32634 | Vaults:2 | 32634 ||| INVOKING Heroism.
 32674 | Vaults:2 | 32674 ||| Stepping ~*~*~tactically~*~*~ (hiding).
 32944 | Vaults:2 | Found a staircase to the Crypt.
 32960 | Vaults:2 | Reached skill level 18 in Fighting
 33254 | Vaults:2 | 33254 ||| Stepping ~*~*~tactically~*~*~ (hiding).
 33255 | Vaults:2 | 33255 ||| Stepping ~*~*~tactically~*~*~ (stealth).
 33256 | Vaults:2 | 33256 ||| Stepping ~*~*~tactically~*~*~ (hiding).
 33262 | Vaults:2 | 33262 ||| INVOKING Heroism.
 33270 | Vaults:2 | Received a gift from Okawaru
 33507 | Vaults:2 | Found Reraoni's Magic Scroll Shoppe.
 33515 | Vaults:2 | 33515 ||| BUYING scroll of teleportation (42 gold).
 33515 | Vaults:2 | Bought a scroll of teleportation for 42 gold pieces
 33515 | Vaults:2 | 33515 ||| BUYING scroll of teleportation (42 gold).
 33515 | Vaults:2 | Bought a scroll of teleportation for 42 gold pieces
 33538 | Vaults:2 | 33538 ||| Stepping ~*~*~tactically~*~*~ (hiding).
 33546 | Vaults:2 | 33546 ||| Stepping ~*~*~tactically~*~*~ (hiding).
 33757 | Vaults:2 | 33757 ||| DROPPING +0 helmet of Toump {Str+7}.
 33758 | Vaults:2 | 33758 ||| DROPPING +0 pair of gloves of infusion.
 33781 | Vaults:3 | 33781 ||| Stepping ~*~*~tactically~*~*~ (stealth).
 33790 | Vaults:3 | 33790 ||| Stepping ~*~*~tactically~*~*~ (stealth).
 33805 | Vaults:3 | 33805 ||| Stepping ~*~*~tactically~*~*~ (stealth).
 33806 | Vaults:3 | 33806 ||| Stepping ~*~*~tactically~*~*~ (stealth).
 33887 | Vaults:3 | Found Iwihu's Antique Weapon Shop.
 33951 | Vaults:3 | 33951 ||| INVOKING Heroism.
 33954 | Vaults:3 | 33954 ||| Stepping ~*~*~tactically~*~*~ (hiding).
 33975 | Vaults:3 | 33975 ||| Stepping ~*~*~tactically~*~*~ (hiding).
 33977 | Vaults:3 | 33977 ||| Stepping ~*~*~tactically~*~*~ (hiding).
 34068 | Vaults:3 | 34068 ||| INVOKING Heroism.
 34103 | Vaults:3 | 34103 ||| Stepping ~*~*~tactically~*~*~ (stealth).
 34104 | Vaults:3 | 34104 ||| Stepping ~*~*~tactically~*~*~ (stealth).
 34106 | Vaults:3 | 34106 ||| Stepping ~*~*~tactically~*~*~ (stealth).
 34107 | Vaults:3 | 34107 ||| Stepping ~*~*~tactically~*~*~ (stealth).
 34143 | Vaults:3 | 34143 ||| Stepping ~*~*~tactically~*~*~ (stealth).
 34148 | Vaults:3 | Reached skill level 18 in Armour
 34170 | Vaults:3 | 34170 ||| Stepping ~*~*~tactically~*~*~ (hiding).
 34171 | Vaults:3 | 34171 ||| Stepping ~*~*~tactically~*~*~ (hiding).
 34236 | Vaults:3 | Identified the +0 chain mail of the Intense Sparrow {rElec
                  | rF- rC+ Str+4}
 34327 | Vaults:3 | 34327 ||| INVOKING Heroism.
 34344 | Vaults:3 | 34344 ||| Stepping ~*~*~tactically~*~*~ (stealth).
 34346 | Vaults:3 | 34346 ||| Stepping ~*~*~tactically~*~*~ (stealth).
 34372 | Vaults:3 | 34372 ||| INVOKING Finesse.
 34385 | Vaults:3 | 34385 ||| INVOKING Heroism.
 34668 | Vaults:3 | 34668 ||| Stepping ~*~*~tactically~*~*~ (stealth).
 34670 | Vaults:3 | 34670 ||| Stepping ~*~*~tactically~*~*~ (stealth).
 34774 | Vaults:3 | 34774 ||| INVOKING Heroism.
 34786 | Vaults:3 | Reached skill level 19 in Fighting
 34791 | Vaults:3 | 34791 ||| Stepping ~*~*~tactically~*~*~ (stealth).
 34800 | Vaults:3 | 34800 ||| Stepping ~*~*~tactically~*~*~ (stealth).
 34863 | Vaults:3 | 34863 ||| Stepping ~*~*~tactically~*~*~ (stealth).
 34867 | Vaults:3 | 34867 ||| FLEEEEING.
 34868 | Vaults:3 | 34868 ||| FLEEEEING.
 34869 | Vaults:3 | 34869 ||| FLEEEEING.
 34870 | Vaults:3 | 34870 ||| FLEEEEING.
 34871 | Vaults:3 | 34871 ||| FLEEEEING.
 34872 | Vaults:3 | 34872 ||| FLEEEEING.
 34873 | Vaults:3 | 34873 ||| FLEEEEING.
 34874 | Vaults:3 | 34874 ||| FLEEEEING.
 34875 | Vaults:3 | 34875 ||| FLEEEEING.
 34876 | Vaults:3 | 34876 ||| FLEEEEING.
 34877 | Vaults:3 | 34877 ||| FLEEEEING.
 34878 | Vaults:3 | 34878 ||| FLEEEEING.
 34879 | Vaults:3 | 34879 ||| FLEEEEING.
 34880 | Vaults:3 | 34880 ||| FLEEEEING.
 34881 | Vaults:3 | 34881 ||| FLEEEEING.
 34884 | Vaults:3 | 34884 ||| FLEEEEING.
 34885 | Vaults:3 | 34885 ||| FLEEEEING.
 34886 | Vaults:3 | 34886 ||| FLEEEEING.
 34887 | Vaults:3 | 34887 ||| FLEEEEING.
 34888 | Vaults:3 | 34888 ||| FLEEEEING.
 34889 | Vaults:3 | 34889 ||| FLEEEEING.
 34890 | Vaults:3 | 34890 ||| FLEEEEING.
 34891 | Vaults:3 | 34891 ||| FLEEEEING.
 34892 | Vaults:3 | 34892 ||| FLEEEEING.
 34895 | Vaults:3 | 34895 ||| FLEEEEING.
 34896 | Vaults:3 | 34896 ||| FLEEEEING.
 34897 | Vaults:3 | 34897 ||| FLEEEEING.
 34898 | Vaults:3 | 34898 ||| FLEEEEING.
 34899 | Vaults:3 | 34899 ||| FLEEEEING.
 34900 | Vaults:3 | 34900 ||| FLEEEEING.
 34902 | Vaults:3 | 34902 ||| FLEEEEING.
 34903 | Vaults:3 | 34903 ||| FLEEEEING.
 34910 | Vaults:3 | Received a gift from Okawaru
 35114 | Vaults:4 | 35114 ||| PLANNING DESOLATION
 35156 | Vaults:4 | 35156 ||| Stepping ~*~*~tactically~*~*~ (stealth).
 35160 | Vaults:4 | 35160 ||| Stepping ~*~*~tactically~*~*~ (hiding).
 35242 | Vaults:4 | 35242 ||| INVOKING Heroism.
 35253 | Vaults:4 | Noticed a Tzitzimitl
 35253 | Vaults:4 | 35253 ||| INVOKING Finesse.
 35366 | Vaults:4 | 35366 ||| INVOKING Heroism.
 35373 | Vaults:4 | Received a gift from Okawaru
 35478 | Vaults:4 | Reached XP level 21. HP: 141/144 MP: 28/28
 35571 | Vaults:4 | 35571 ||| Stepping ~*~*~tactically~*~*~ (stealth).
 35572 | Vaults:4 | 35572 ||| Stepping ~*~*~tactically~*~*~ (stealth).
 35578 | Vaults:4 | 35578 ||| INVOKING Heroism.
 35653 | Vaults:4 | 35653 ||| INVOKING Heroism.
 35660 | Vaults:4 | Received a gift from Okawaru
 35757 | Vaults:4 | 35757 ||| INVOKING Heroism.
 35900 | Vaults:4 | 35900 ||| Stepping ~*~*~tactically~*~*~ (stealth).
 35908 | Vaults:4 | 35908 ||| INVOKING Heroism.
 35911 | Vaults:4 | 35911 ||| Stepping ~*~*~tactically~*~*~ (hiding).
 35941 | Vaults:4 | 35941 ||| RIP DESOLATION
 35942 | Vaults:4 | 35942 ||| PLANNING VAULTS:1-4
 36035 | Vaults:4 | 36035 ||| INVOKING Heroism.
 36169 | Vaults:4 | 36169 ||| Stepping ~*~*~tactically~*~*~ (stealth).
 36561 | Vaults:4 | Reached skill level 9 in Throwing
 36565 | Vaults:4 | 36565 ||| PLANNING SWAMP:4
 36890 | Swamp:4  | Entered Level 4 of the Swamp
 36904 | Swamp:4  | 36904 ||| STAIRDANCE
 36986 | Swamp:4  | 36986 ||| FLEEEEING.
 36987 | Swamp:4  | 36987 ||| Stepping ~*~*~tactically~*~*~ (hiding).
 36989 | Swamp:4  | 36989 ||| Stepping ~*~*~tactically~*~*~ (hiding).
 36990 | Swamp:4  | 36990 ||| INVOKING Heroism.
 37005 | Swamp:4  | Received a gift from Okawaru
 37036 | Swamp:4  | 37036 ||| FLEEEEING.
 37040 | Swamp:4  | 37040 ||| FLEEEEING.
 37041 | Swamp:4  | 37041 ||| Stepping ~*~*~tactically~*~*~ (hiding).
 37043 | Swamp:4  | 37043 ||| INVOKING Heroism.
 37065 | Swamp:4  | 37065 ||| FLEEEEING.
 37066 | Swamp:4  | 37066 ||| FLEEEEING.
 37365 | Swamp:4  | 37365 ||| FLEEEEING.
 37366 | Swamp:4  | 37366 ||| FLEEEEING.
 37371 | Swamp:4  | 37371 ||| Stepping ~*~*~tactically~*~*~ (cloud).
 37612 | Swamp:4  | 37612 ||| Stepping ~*~*~tactically~*~*~ (stealth).
 37617 | Swamp:4  | 37617 ||| INVOKING Heroism.
 37627 | Swamp:4  | Received a gift from Okawaru
 37771 | Swamp:4  | 37771 ||| Stepping ~*~*~tactically~*~*~ (hiding).
 37778 | Swamp:4  | 37778 ||| Stepping ~*~*~tactically~*~*~ (cloud).
 37894 | Swamp:4  | 37894 ||| INVOKING Heroism.
 37915 | Swamp:4  | 37915 ||| Stepping ~*~*~tactically~*~*~ (hiding).
 37916 | Swamp:4  | 37916 ||| Stepping ~*~*~tactically~*~*~ (hiding).
 37917 | Swamp:4  | 37917 ||| Stepping ~*~*~tactically~*~*~ (hiding).
 38008 | Swamp:4  | 38008 ||| READING scroll of enchant armour.
 38008 | Swamp:4  | 38008 ||| ENCHANTING +1 cloak of willpower.
 38156 | Swamp:4  | Got a decaying rune of Zot
 38288 | Swamp:4  | 38288 ||| PLANNING DEPTHS
 38288 | Swamp:4  | 38288 ||| DROPPING +2 cloak.
 38571 | Depths:1 | Entered Level 1 of the Depths
 38572 | Depths:1 | 38572 ||| INVOKING Finesse.
 38576 | Depths:1 | 38576 ||| INVOKING Heroism.
 38593 | Depths:1 | Received a gift from Okawaru
 38608 | Depths:1 | 38608 ||| Stepping ~*~*~tactically~*~*~ (hiding).
 38626 | Depths:1 | 38626 ||| Stepping ~*~*~tactically~*~*~ (stealth).
 38628 | Depths:1 | 38628 ||| INVOKING Finesse.
 38653 | Depths:1 | 38653 ||| INVOKING Heroism.
 38695 | Depths:1 | 38695 ||| Stepping ~*~*~tactically~*~*~ (stealth).
 38703 | Depths:1 | 38703 ||| INVOKING Heroism.
 38864 | Depths:1 | 38864 ||| INVOKING Heroism.
 38865 | Depths:1 | 38865 ||| INVOKING Finesse.
 38870 | Depths:1 | 38870 ||| Stepping ~*~*~tactically~*~*~ (hiding).
 38885 | Depths:1 | 38885 ||| Stepping ~*~*~tactically~*~*~ (hiding).
 38886 | Depths:1 | 38886 ||| Stepping ~*~*~tactically~*~*~ (hiding).
 38971 | Depths:1 | 38971 ||| READING scroll of enchant armour.
 38971 | Depths:1 | 38971 ||| ENCHANTING +1 plate armour.
 39098 | Depths:1 | 39098 ||| INVOKING Heroism.
 39201 | Depths:1 | Found a gateway to Hell.
 39261 | Depths:1 | 39261 ||| Stepping ~*~*~tactically~*~*~ (hiding).
 39292 | Depths:1 | 39292 ||| Stepping ~*~*~tactically~*~*~ (stealth).
 39299 | Depths:1 | 39299 ||| INVOKING Heroism.
 39370 | Depths:1 | Found an opulent altar of Gozag.
 39394 | Depths:1 | Found Gozag's Platinum Reserve.
 39402 | Depths:1 | 39402 ||| SHOPLISTING ring "Roniumai" {rF+ rC+ Will- Int+5
                  | Dex+4} (5370 gold, have 1524).
 39406 | Depths:1 | Found a one-way gateway to a ziggurat.
 39552 | Depths:2 | 39552 ||| INVOKING Heroism.
 39555 | Depths:2 | 39555 ||| INVOKING Finesse.
 39586 | Depths:2 | HP: 16/144 [hell hog/fireball (23)]
 39587 | Depths:2 | 39587 ||| READING 13 scrolls of teleportation.
 39588 | Depths:2 | 39588 ||| DRINKING 7 potions of heal wounds.
 39589 | Depths:2 | 39589 ||| DRINKING 6 potions of heal wounds.
 39590 | Depths:2 | 39590 ||| DRINKING 5 potions of heal wounds.
 39830 | Depths:2 | 39830 ||| Stepping ~*~*~tactically~*~*~ (stealth).
 39832 | Depths:2 | 39832 ||| INVOKING Heroism.
 39833 | Depths:2 | 39833 ||| INVOKING Finesse.
 39886 | Depths:2 | Found a one-way gate leading to the halls of Pandemonium.
 39912 | Depths:2 | 39912 ||| Stepping ~*~*~tactically~*~*~ (stealth).
 39914 | Depths:2 | 39914 ||| Stepping ~*~*~tactically~*~*~ (hiding).
 39920 | Depths:2 | 39920 ||| Stepping ~*~*~tactically~*~*~ (hiding).
 39944 | Depths:2 | 39944 ||| INVOKING Heroism.
 39945 | Depths:2 | 39945 ||| INVOKING Finesse.
 39948 | Depths:2 | 39948 ||| Stepping ~*~*~tactically~*~*~ (hiding).
 39957 | Depths:2 | Reached XP level 22. HP: 126/152 MP: 23/29
 39957 | Depths:2 | 39957 ||| Stepping ~*~*~tactically~*~*~ (hiding).
 39962 | Depths:2 | 39962 ||| Stepping ~*~*~tactically~*~*~ (cloud).
 39972 | Depths:2 | Identified the +0 pair of gloves of the Blind Marksman
                  | {+Blink rElec rF+} (Okawaru gifted it to you on level 2 of
                  | the Depths)
 39972 | Depths:2 | Received a gift from Okawaru
 39983 | Depths:2 | 39983 ||| Stepping ~*~*~tactically~*~*~ (stealth).
 40038 | Depths:2 | 40038 ||| INVOKING Heroism.
 40039 | Depths:2 | 40039 ||| INVOKING Finesse.
 40060 | Depths:2 | Reached skill level 20 in Fighting
 40068 | Depths:2 | HP: 38/152 [hell hog (2)]
 40069 | Depths:2 | 40069 ||| READING 12 scrolls of teleportation.
 40070 | Depths:2 | 40070 ||| DRINKING 4 potions of heal wounds.
 40432 | Depths:2 | 40432 ||| Stepping ~*~*~tactically~*~*~ (stealth).
 40433 | Depths:2 | 40433 ||| Stepping ~*~*~tactically~*~*~ (stealth).
 40435 | Depths:2 | 40435 ||| Stepping ~*~*~tactically~*~*~ (stealth).
 40479 | Depths:2 | 40479 ||| INVOKING Heroism.
 40480 | Depths:2 | 40480 ||| INVOKING Finesse.
 40543 | Depths:2 | 40543 ||| Stepping ~*~*~tactically~*~*~ (stealth).
 40548 | Depths:2 | 40548 ||| Stepping ~*~*~tactically~*~*~ (hiding).
 40552 | Depths:2 | 40552 ||| INVOKING Heroism.
 40553 | Depths:2 | 40553 ||| INVOKING Finesse.
 40647 | Depths:2 | 40647 ||| Stepping ~*~*~tactically~*~*~ (stealth).
 40650 | Depths:2 | 40650 ||| Stepping ~*~*~tactically~*~*~ (stealth).
 40653 | Depths:2 | 40653 ||| INVOKING Heroism.
 40771 | Depths:2 | 40771 ||| Stepping ~*~*~tactically~*~*~ (hiding).
 40774 | Depths:2 | 40774 ||| INVOKING Heroism.
 40791 | Depths:2 | Identified the amulet "Voigos" {Faith rPois}
 41137 | Depths:2 | Found a shimmering blue altar of Sif Muna.
 41138 | Depths:2 | 41138 ||| Stepping ~*~*~tactically~*~*~ (hiding).
 41140 | Depths:2 | 41140 ||| INVOKING Heroism.
 41188 | Depths:2 | Noticed a dread lich
 41189 | Depths:2 | 41189 ||| INVOKING Finesse.
 41191 | Depths:2 | Noticed a dread lich
 41201 | Depths:2 | Killed a dread lich
 41204 | Depths:2 | Killed a dread lich
 41206 | Depths:2 | 41206 ||| INVOKING Heroism.
 41282 | Depths:2 | 41282 ||| INVOKING Heroism.
 41306 | Depths:2 | Identified the +5 shortbow of the Forgotten Towns {vorpal,
                  | rN+ Int+3}
 41377 | Depths:2 | 41377 ||| UPGRADING to +0 pair of gloves of the Blind
                  | Marksman {+Blink rElec rF+}.
 41495 | Depths:3 | 41495 ||| Stepping ~*~*~tactically~*~*~ (stealth).
 41518 | Depths:3 | 41518 ||| Stepping ~*~*~tactically~*~*~ (hiding).
 41519 | Depths:3 | 41519 ||| INVOKING Heroism.
 41524 | Depths:3 | 41524 ||| Stepping ~*~*~tactically~*~*~ (hiding).
 41537 | Depths:3 | Noticed a golden dragon
 41545 | Depths:3 | Reached skill level 21 in Shields
 41547 | Depths:3 | 41547 ||| INVOKING Heroism.
 41553 | Depths:3 | HP: 35/152 [golden dragon/bolt of cold (24)]
 41554 | Depths:3 | 41554 ||| READING 11 scrolls of teleportation.
 41555 | Depths:3 | 41555 ||| DRINKING 3 potions of heal wounds.
 41564 | Depths:3 | 41564 ||| Stepping ~*~*~tactically~*~*~ (hiding).
 41565 | Depths:3 | 41565 ||| Stepping ~*~*~tactically~*~*~ (hiding).
 41581 | Depths:3 | Found a one-way gate to the infinite horrors of the Abyss.
 41596 | Depths:3 | Paralysed by a floating eye for 3 turns
 41600 | Depths:3 | 41600 ||| INVOKING Heroism.
 41611 | Depths:3 | 41611 ||| Stepping ~*~*~tactically~*~*~ (hiding).
 41613 | Depths:3 | 41613 ||| INVOKING Heroism.
 41614 | Depths:3 | 41614 ||| Stepping ~*~*~tactically~*~*~ (hiding).
 41623 | Depths:3 | HP: 34/152 [deep troll (10)]
 41624 | Depths:3 | 41624 ||| READING 10 scrolls of teleportation.
 41625 | Depths:3 | 41625 ||| DRINKING 2 potions of heal wounds.
 41665 | Depths:3 | 41665 ||| INVOKING Heroism.
 41691 | Depths:3 | Killed a golden dragon
 41748 | Depths:3 | 41748 ||| INVOKING Heroism.
 41759 | Depths:3 | Received a gift from Okawaru
 41765 | Depths:3 | 41765 ||| Stepping ~*~*~tactically~*~*~ (hiding).
 41781 | Depths:3 | 41781 ||| Stepping ~*~*~tactically~*~*~ (hiding).
 41782 | Depths:3 | 41782 ||| Stepping ~*~*~tactically~*~*~ (hiding).
 41789 | Depths:3 | HP: 38/153 [frost giant/+2 battleaxe of freezing (2)]
 41790 | Depths:3 | 41790 ||| READING 9 scrolls of teleportation.
 41793 | Depths:3 | Noticed Jory
 41796 | Depths:3 | HP: 23/153 [Jory/+2 vorpal great sword (18)]
 41797 | Depths:3 | 41797 ||| READING 8 scrolls of teleportation.
 41798 | Depths:3 | 41798 ||| DRINKING potion of heal wounds.
 41800 | Depths:3 | 41800 ||| INVOKING Heroism.
 41808 | Depths:3 | HP: 36/153 [spark wasp (5)]
 41809 | Depths:3 | 41809 ||| READING 7 scrolls of teleportation.
 41811 | Depths:3 | Paralysed by a floating eye for 4 turns
 41974 | Depths:3 | 41974 ||| FLEEEEING.
 41975 | Depths:3 | 41975 ||| FLEEEEING.
 41976 | Depths:3 | 41976 ||| FLEEEEING.
 41977 | Depths:3 | 41977 ||| FLEEEEING.
 41978 | Depths:3 | 41978 ||| FLEEEEING.
 41979 | Depths:3 | 41979 ||| FLEEEEING.
 41980 | Depths:3 | 41980 ||| FLEEEEING.
 41981 | Depths:3 | 41981 ||| FLEEEEING.
 41982 | Depths:3 | 41982 ||| FLEEEEING.
 41983 | Depths:3 | 41983 ||| FLEEEEING.
 41984 | Depths:3 | 41984 ||| FLEEEEING.
 41985 | Depths:3 | 41985 ||| FLEEEEING.
 41986 | Depths:3 | 41986 ||| FLEEEEING.
 41987 | Depths:3 | 41987 ||| FLEEEEING.
 41988 | Depths:3 | 41988 ||| FLEEEEING.
 41989 | Depths:3 | 41989 ||| FLEEEEING.
 41996 | Depths:3 | 41996 ||| FLEEEEING.
 41997 | Depths:3 | 41997 ||| FLEEEEING.
 41998 | Depths:3 | 41998 ||| FLEEEEING.
 41999 | Depths:3 | 41999 ||| FLEEEEING.
 42011 | Depths:3 | 42011 ||| FLEEEEING.
 42019 | Depths:3 | 42019 ||| STAIRDANCE
 42210 | Depths:3 | 42210 ||| INVOKING Heroism.
 42237 | Depths:3 | 42237 ||| Stepping ~*~*~tactically~*~*~ (stealth).
 42238 | Depths:3 | 42238 ||| Stepping ~*~*~tactically~*~*~ (stealth).
 42277 | Depths:3 | 42277 ||| Stepping ~*~*~tactically~*~*~ (stealth).
 42278 | Depths:3 | 42278 ||| INVOKING Heroism.
 42492 | Depths:3 | 42492 ||| Stepping ~*~*~tactically~*~*~ (stealth).
 42493 | Depths:3 | 42493 ||| Stepping ~*~*~tactically~*~*~ (stealth).
 42498 | Depths:3 | 42498 ||| Stepping ~*~*~tactically~*~*~ (stealth).
 42499 | Depths:3 | 42499 ||| Stepping ~*~*~tactically~*~*~ (stealth).
 42555 | Depths:3 | 42555 ||| Stepping ~*~*~tactically~*~*~ (hiding).
 42557 | Depths:3 | 42557 ||| Stepping ~*~*~tactically~*~*~ (hiding).
 42558 | Depths:3 | 42558 ||| Stepping ~*~*~tactically~*~*~ (hiding).
 42559 | Depths:3 | 42559 ||| Stepping ~*~*~tactically~*~*~ (hiding).
 42566 | Depths:3 | 42566 ||| INVOKING Heroism.
 42568 | Depths:3 | Reached skill level 21 in Fighting
 42621 | Depths:3 | Killed Jory
 42666 | Depths:3 | 42666 ||| FLEEEEING.
 42667 | Depths:3 | 42667 ||| FLEEEEING.
 42722 | Depths:3 | 42722 ||| INVOKING Heroism.
 42998 | Depths:3 | 42998 ||| READING 22 scrolls of identify.
 42998 | Depths:3 | 42998 ||| IDENTIFYING amethyst potion
 42999 | Depths:3 | 42999 ||| DRINKING potion of experience.
 42999 | Depths:3 | Reached XP level 23. HP: 160/160 MP: 30/30
 43024 | Depths:4 | Entered Level 4 of the Depths
 43090 | Depths:4 | 43090 ||| Stepping ~*~*~tactically~*~*~ (stealth).
 43091 | Depths:4 | 43091 ||| Stepping ~*~*~tactically~*~*~ (stealth).
 43309 | Depths:4 | 43309 ||| INVOKING Heroism.
 43373 | Depths:4 | 43373 ||| Stepping ~*~*~tactically~*~*~ (hiding).
 43407 | Depths:4 | Reached skill level 21 in Armour
 43422 | Depths:4 | Noticed a juggernaut
 43423 | Depths:4 | 43423 ||| INVOKING Heroism.
 43424 | Depths:4 | 43424 ||| INVOKING Finesse.
 43432 | Depths:4 | Killed a juggernaut
 43490 | Depths:4 | 43490 ||| Stepping ~*~*~tactically~*~*~ (stealth).
 43500 | Depths:4 | 43500 ||| Stepping ~*~*~tactically~*~*~ (hiding).
 43535 | Depths:4 | 43535 ||| INVOKING Heroism.
 43569 | Depths:4 | 43569 ||| Stepping ~*~*~tactically~*~*~ (stealth).
 43570 | Depths:4 | 43570 ||| INVOKING Finesse.
 43580 | Depths:4 | Reached XP level 24. HP: 101/166 MP: 26/30
 43709 | Depths:4 | 43709 ||| Stepping ~*~*~tactically~*~*~ (stealth).
 43711 | Depths:4 | 43711 ||| Stepping ~*~*~tactically~*~*~ (stealth).
 43749 | Depths:4 | 43749 ||| INVOKING Heroism.
 43749 | Depths:4 | Noticed Sojobo
 43750 | Depths:4 | 43750 ||| INVOKING Finesse.
 43757 | Depths:4 | Paralysed by an air elemental for 1 turns
 43772 | Depths:4 | Killed Sojobo
 43772 | Depths:4 | Received a gift from Okawaru
 44000 | Depths:4 | 44000 ||| Stepping ~*~*~tactically~*~*~ (stealth).
 44001 | Depths:4 | 44001 ||| Stepping ~*~*~tactically~*~*~ (stealth).
 44003 | Depths:4 | 44003 ||| Stepping ~*~*~tactically~*~*~ (hiding).
 44008 | Depths:4 | 44008 ||| INVOKING Heroism.
 44215 | Depths:4 | 44215 ||| Stepping ~*~*~tactically~*~*~ (hiding).
 44220 | Depths:4 | 44220 ||| Stepping ~*~*~tactically~*~*~ (stealth).
 44222 | Depths:4 | 44222 ||| INVOKING Heroism.
 44233 | Depths:4 | 44233 ||| Stepping ~*~*~tactically~*~*~ (stealth).
 44241 | Depths:4 | Reached skill level 22 in Fighting
 44262 | Depths:4 | 44262 ||| INVOKING Heroism.
 44273 | Depths:4 | 44273 ||| Stepping ~*~*~tactically~*~*~ (cloud).
 44273 | Depths:4 | Found a gate to the Realm of Zot.
 44300 | Depths:4 | 44300 ||| Stepping ~*~*~tactically~*~*~ (hiding).
 44621 | Depths:4 | 44621 ||| PLANNING VAULTS:5
 45003 | Vaults:5 | Entered Level 5 of the Vaults
 45004 | Vaults:5 | 45004 ||| INVOKING Heroism.
 45005 | Vaults:5 | 45005 ||| STAIRDANCE
 45014 | Vaults:4 | Identified the +6 war axe of Armageddon {flame, rF+ rN+}
                  | (Okawaru gifted it to you on level 4 of the Vaults)
 45014 | Vaults:4 | Received a gift from Okawaru
 45017 | Vaults:5 | 45017 ||| STAIRDANCE
 45019 | Vaults:4 | 45019 ||| INVOKING Heroism.
 45070 | Vaults:5 | 45070 ||| STAIRDANCE
 45072 | Vaults:4 | 45072 ||| INVOKING Heroism.
 45150 | Vaults:5 | 45150 ||| STAIRDANCE
 45152 | Vaults:4 | 45152 ||| INVOKING Heroism.
 45185 | Vaults:5 | 45185 ||| INVOKING Finesse.
 45193 | Vaults:5 | 45193 ||| INVOKING Heroism.
 45201 | Vaults:5 | 45201 ||| Stepping ~*~*~tactically~*~*~ (hiding).
 45202 | Vaults:5 | 45202 ||| FLEEEEING.
 45204 | Vaults:5 | 45204 ||| STAIRDANCE
 45206 | Vaults:4 | HP: 32/167 [something/bolt of cold (53)]
 45493 | Vaults:5 | 45493 ||| INVOKING Heroism.
 45523 | Vaults:5 | Received a gift from Okawaru
 45529 | Vaults:5 | 45529 ||| INVOKING Heroism.
 45555 | Vaults:5 | HP: 40/168 [golden dragon/bolt of cold (13)]
 45556 | Vaults:5 | 45556 ||| READING 10 scrolls of teleportation.
 45600 | Vaults:5 | 45600 ||| Stepping ~*~*~tactically~*~*~ (stealth).
 45611 | Vaults:5 | 45611 ||| INVOKING Heroism.
 45661 | Vaults:5 | Identified the +1 leather armour "Arof" {rF+ Str+4}
 45662 | Vaults:5 | 45662 ||| Stepping ~*~*~tactically~*~*~ (stealth).
 45715 | Vaults:5 | 45715 ||| Stepping ~*~*~tactically~*~*~ (stealth).
 45723 | Vaults:5 | 45723 ||| Stepping ~*~*~tactically~*~*~ (stealth).
 45743 | Vaults:5 | 45743 ||| INVOKING Heroism.
 45772 | Vaults:5 | 45772 ||| INVOKING Heroism.
 45778 | Vaults:5 | Identified the ring "Xeelol" {Fly Str+5}
 45812 | Vaults:5 | HP: 41/169 [storm dragon (6)]
 45813 | Vaults:5 | 45813 ||| READING 9 scrolls of teleportation.
 45817 | Vaults:5 | 45817 ||| READING 8 scrolls of teleportation.
 45818 | Vaults:5 | HP: 28/169 [deep elf high priest/a malign offering (12)]
 45820 | Vaults:5 | 45820 ||| READING 7 scrolls of teleportation.
 45824 | Vaults:5 | Identified the +4 ring mail "Keniamag" {Rampage Str+3}
 45825 | Vaults:5 | 45825 ||| READING 6 scrolls of teleportation.
 45831 | Vaults:5 | 45831 ||| Stepping ~*~*~tactically~*~*~ (hiding).
 45834 | Vaults:5 | 45834 ||| READING 5 scrolls of teleportation.
 45835 | Vaults:5 | 45835 ||| INVOKING Heroism.
 45840 | Vaults:5 | 45840 ||| READING 4 scrolls of teleportation.
 45855 | Vaults:5 | 45855 ||| READING 3 scrolls of teleportation.
 45860 | Vaults:5 | 45860 ||| INVOKING Heroism.
 45861 | Vaults:5 | 45861 ||| READING 2 scrolls of teleportation.
 45862 | Vaults:5 | HP: 26/169 [redback (glowing shapeshifter) (7)]
 45889 | Vaults:5 | 45889 ||| READING scroll of teleportation.
 45892 | Vaults:5 | HP: 24/164 [deep elf death mage/bolt of negative energy
                  | (15)]
 46213 | Vaults:5 | 46213 ||| Stepping ~*~*~tactically~*~*~ (stealth).
 46215 | Vaults:5 | 46215 ||| Stepping ~*~*~tactically~*~*~ (stealth).
 46243 | Vaults:5 | 46243 ||| Stepping ~*~*~tactically~*~*~ (stealth).
 46311 | Vaults:5 | 46311 ||| INVOKING Heroism.
 46359 | Vaults:5 | 46359 ||| Stepping ~*~*~tactically~*~*~ (stealth).
 46411 | Vaults:5 | Received a gift from Okawaru
 46513 | Vaults:5 | 46513 ||| Stepping ~*~*~tactically~*~*~ (stealth).
 46517 | Vaults:5 | 46517 ||| INVOKING Heroism.
 46605 | Vaults:5 | Identified the ring of Gurr {Int+6 Slay+3}
 46616 | Vaults:5 | 46616 ||| INVOKING Heroism.
 46635 | Vaults:5 | Reached skill level 23 in Fighting
 46740 | Vaults:5 | 46740 ||| Stepping ~*~*~tactically~*~*~ (stealth).
 46748 | Vaults:5 | 46748 ||| Stepping ~*~*~tactically~*~*~ (stealth).
 46751 | Vaults:5 | 46751 ||| INVOKING Heroism.
 46846 | Vaults:5 | 46846 ||| INVOKING Heroism.
 46849 | Vaults:5 | Received a gift from Okawaru
 46859 | Vaults:5 | 46859 ||| STAIRDANCE
 46911 | Vaults:5 | 46911 ||| INVOKING Heroism.
 46922 | Vaults:5 | 46922 ||| STAIRDANCE
 46932 | Vaults:4 | Received a gift from Okawaru
 47031 | Vaults:5 | 47031 ||| INVOKING Heroism.
 47121 | Vaults:5 | 47121 ||| READING scroll of enchant weapon.
 47121 | Vaults:5 | 47121 ||| ENCHANTING +5 broad axe of electrocution.
 47165 | Vaults:5 | Reached skill level 6 in Dodging
 47177 | Vaults:5 | 47177 ||| Stepping ~*~*~tactically~*~*~ (hiding).
 47178 | Vaults:5 | 47178 ||| Stepping ~*~*~tactically~*~*~ (hiding).
 47179 | Vaults:5 | 47179 ||| INVOKING Heroism.
 47204 | Vaults:5 | 47204 ||| Stepping ~*~*~tactically~*~*~ (hiding).
 47206 | Vaults:5 | 47206 ||| Stepping ~*~*~tactically~*~*~ (hiding).
 47218 | Vaults:5 | Reached XP level 25. HP: 132/176 MP: 30/30
 47338 | Vaults:5 | 47338 ||| INVOKING Heroism.
 47361 | Vaults:5 | 47361 ||| Stepping ~*~*~tactically~*~*~ (stealth).
 47364 | Vaults:5 | 47364 ||| Stepping ~*~*~tactically~*~*~ (stealth).
 47365 | Vaults:5 | 47365 ||| Stepping ~*~*~tactically~*~*~ (stealth).
 47370 | Vaults:5 | 47370 ||| Stepping ~*~*~tactically~*~*~ (stealth).
 47371 | Vaults:5 | 47371 ||| Stepping ~*~*~tactically~*~*~ (stealth).
 47425 | Vaults:5 | 47425 ||| Stepping ~*~*~tactically~*~*~ (stealth).
 47427 | Vaults:5 | 47427 ||| Stepping ~*~*~tactically~*~*~ (hiding).
 47433 | Vaults:5 | 47433 ||| INVOKING Heroism.
 47627 | Vaults:5 | 47627 ||| Stepping ~*~*~tactically~*~*~ (hiding).
 47630 | Vaults:5 | 47630 ||| INVOKING Heroism.
 47697 | Vaults:5 | Identified the +7 dagger of Zurroz {flame, rElec rN+ SInv}
 47757 | Vaults:5 | 47757 ||| INVOKING Heroism.
 47758 | Vaults:5 | Received a gift from Okawaru
 47957 | Vaults:5 | Identified the +8 quarterstaff of Zukur {vorpal, rF+ rN+}
 47957 | Vaults:5 | Identified the +1 robe "Ekkiqonn" {-Cast rElec Slay+3}
 47965 | Vaults:5 | 47965 ||| INVOKING Heroism.
 48339 | Vaults:5 | Got a silver rune of Zot
 48426 | Vaults:5 | 48426 ||| INVOKING Heroism.
 48585 | Vaults:5 | 48585 ||| PLANNING SHOPPING SPREE
 48585 | Vaults:5 | 48585 ||| DROPPING +2 plate armour of poison resistance.
 48586 | Vaults:5 | 48586 ||| DROPPING ring of ice.
 48587 | Vaults:5 | 48587 ||| DROPPING +6 ring of strength.
 48647 | Vaults:5 | 48647 ||| Stepping ~*~*~tactically~*~*~ (stealth).
 48909 | Snake:1  | 48909 ||| BUYING potion of magic (96 gold).
 48909 | Snake:1  | Bought a potion of magic for 96 gold pieces
 48909 | Snake:1  | 48909 ||| BUYING potion of magic (96 gold).
 48909 | Snake:1  | Bought a potion of magic for 96 gold pieces
 49116 | Orc:1    | 49116 ||| BUYING wand of digging (8) (1075 gold).
 49116 | Orc:1    | Bought a wand of digging (8) for 1075 gold pieces
 49116 | Orc:1    | 49116 ||| CLEARING SHOPPING LIST
 49116 | Orc:1    | 49116 ||| PLANNING ZOT:1-4
 49116 | Orc:1    | 49116 ||| Stepping randomly (stuck).
 49436 | Zot:1    | Entered Level 1 of the Realm of Zot
 49442 | Zot:1    | 49442 ||| INVOKING Heroism.
 49487 | Zot:1    | 49487 ||| Stepping ~*~*~tactically~*~*~ (stealth).
 49488 | Zot:1    | 49488 ||| Stepping ~*~*~tactically~*~*~ (stealth).
 49499 | Zot:1    | 49499 ||| INVOKING Heroism.
 49516 | Zot:1    | Reached skill level 12 in Throwing
 49522 | Zot:1    | 49522 ||| READING 3 scrolls of teleportation.
 49599 | Zot:1    | 49599 ||| INVOKING Heroism.
 49874 | Zot:1    | 49874 ||| Stepping ~*~*~tactically~*~*~ (stealth).
 49877 | Zot:1    | 49877 ||| Stepping ~*~*~tactically~*~*~ (hiding).
 49882 | Zot:1    | 49882 ||| INVOKING Heroism.
 49912 | Zot:1    | HP: 32/176 [something/bolt of lightning[a green draconian
                  | monk] (14)]
 49913 | Zot:1    | 49913 ||| READING 2 scrolls of teleportation.
 49914 | Zot:1    | 49914 ||| DRINKING potion of heal wounds.
 49916 | Zot:1    | 49916 ||| INVOKING Heroism.
 49917 | Zot:1    | HP: 19/176 [something (13)]
 49919 | Zot:1    | HP: 8/176 [yellow draconian annihilator/bolt of lightning[a
                  | green draconian monk] (11)]
 49920 | Zot:1    | Killed from afar by a black draconian knight

Levels and vault maps discovered:
D:1:      shiori_angband_town, layout_basic
D:2:      layout_loops_cross, dreamdust_princess_bridge, grunt_decor_clamped,
          uniq_robin, uniq_jessica
D:3:      layout_loops_ring, lemuel_doored_altar,
          dreamdust_ecumenical_altar_angels_and_demons, uniq_terence
D:4:      layout_rooms, nicolae_qazlal_general_emergency, portal_sewer_entry_f
D:5:      layout_basic
D:6:      layout_layer_cave, mainiacjoe_overflow_big_doors,
          mainiacjoe_overflow_large_starburst
D:7:      layout_layer_cave, temple_fountains, hangedman_decor_points,
          kennysheep_potato, uniq_maggie, uniq_crazy_yiuf_cottage
D:8:      layout_basic, tso_metal_star, overflow_temple_1_default,
          marbit_many_paths, minmay_misc_feat_roman
D:9:      nzn_winding_woodlands_cross [nzn_winding_woodlands_5x15_lazy_stream,
          nzn_winding_woodlands_5x15_garden, nzn_winding_woodlands_5x15_parted,
          nzn_winding_woodlands_5x15_sawtooth,
          nzn_winding_woodlands_15x15_boxy_spiral], layout_small_grid,
          david_orc_3, chequers_jeans, uniq_gastronok, uniq_joseph
D:10:     layout_basic, mainiacjoe_overflow_catwalk, uniq_nergalle
D:11:     layout_loops_ring, lair_entry_dummy, gammafunk_ghost_stat_death
D:12:     layout_irregular_city, kennysheep_big_empty_room,
          nicolae_two_hexagons, elyvilon_altar_5, uniq_kirke
D:13:     minmay_evil_eye, layout_long_grid, david_vaults_5, uniq_maurice,
          uniq_nessos
D:14:     layout_loops_cross, serial_bayou_lagoon_a
D:15:     grunt_enter_depths_magical_seal, layout_long_grid, uniq_roxanne
Temple:   hellmonk_temple_forest_ring
Lair:1:   layout_chaotic_city, portal_ice_cave_entry_ice_simulacra,
          serial_bayou_crossing
Lair:2:   layout_loops_ring, minmay_snake_entry_guardpost_large,
          roderic_carrion_pond, uniq_harold
Lair:3:   layout_cave_shapes, skrybe_swamp_entry_bodies
Lair:4:   onia_ninara_swampy_vault, layout_long_grid, slime_entry_1,
          gammafunk_ghost_split, dreamdust_gnoll_shepherd, serial_bayou_shore_b,
          lemuel_fruit_fields
Lair:5:   due_jungle_book, layout_long_grid, chequers_serial_rivers_micro_e,
          minmay_stone_trees_small, grunt_forest_stairs_basic
Swamp:1:  layout_basic_swamp, evilmike_swamp_ruin_house_5, swamp_pool1,
          grunt_ruined_hall, uniq_josephine
Swamp:2:  layout_basic_swamp, nicolae_swamp_very_dense_foliage, swamp_pool1
Swamp:3:  layout_basic_swamp, ebering_ghost_xom, evilmike_swamp_ruin_house_1,
          swamp_pool1, nicolae_swamp_bunyip_nook, uniq_louise, uniq_nikola
Swamp:4:  swamp_alternative, layout_basic_swamp, swamp_pool1,
          nicolae_swamp_big_swirl
Snake:1:  layout_layer_cave, ebering_ghost_disaster_area, minmay_shop_star
Snake:2:  layout_cave_shapes, ebering_ghost_gozag
Snake:3:  nicolae_snake_unarmed_stairs_patrol, layout_chambers,
          nicolae_snake_gridmaze_entwining
Snake:4:  grunt_snake_rune_spirals, layout_onion, serial_bayou_shore_a,
          uniq_aizul
Orc:1:    layout_caves, gammafunk_ghost_smash, serial_shops,
          nicolae_shop_behind_doors, shop, shop, shop, shop
Orc:2:    st_orc_rangers, layout_caves, gammafunk_ghost_necromancy,
          kennysheep_orc_chapel
Vaults:1: nicolae_vaults_mini_display_case, grunt_vaults_funnel,
          vaults_room_door_ring, vaults_room_octagon,
          ontoclasm_vaults_ring_large, nicolae_vaults_branching_niches,
          grunt_vaults_twisty, nicolae_vaults_ring_of_whatevers,
          ontoclasm_vaults_tryst, vaults_room_pool, layout_vaults_big_room
Vaults:2: minmay_crypt_entry_simple_walls, ontoclasm_vaults_fault,
          nicolae_vaults_network_s, vaults_dpeg_doors,
          ontoclasm_vaults_claustrophobia, v_alt_pattern_3, v_misc_13,
          ontoclasm_vaults_ligature, hangedman_vaults_corner_blocks, kb_rosetta,
          ontoclasm_vaults_pinch, vaults_dpeg_encased_lava,
          nicolae_vaults_border_crossing, vaults_room_pool,
          nicolae_vaults_little_squares_3, vaults_mumra_minichess,
          nicolae_vaults_circle_grid_a, layout_vaults_omnibox, serial_shops,
          nicolae_shop_waterfront
Vaults:3: v_rooms_6, v_misc_8, serial_ice_h, v_pattern_5,
          hangedman_vaults_cutoff, nicolae_vaults_circle_grid_a,
          vaults_dpeg_diagonal, v_misc_5, hangedman_vaults_pinch, st_cells,
          vaults_room_large_hall, hangedman_vaults_slice,
          layout_vaults_maze_snakey, serial_shops,
          nicolae_shop_temple_entry_statues_fountains
Vaults:4: portal_desolation_entry_garden, ontoclasm_vaults_spin,
          hangedman_vaults_snaps, vaults_room_glass_cross,
          ontoclasm_vaults_chip, hangedman_vaults_stretched_pinwheel,
          vaults_room_stairs_pillars, vaults_standard_mumra_x,
          layout_vaults_omnigrid
Vaults:5: serial_shops
Depths:1: layout_cave_pools, enter_ziggurat_b, nrook_pool_corridor,
          hangedman_tar_grid_catacomb, nicolae_gozag_zags_fifth_avenue
Depths:2: evilmike_library_of_no_secrets, layout_honeycomb, pan_entry,
          hellmouth_3, minmay_hedge_maze, infiniplex_staircase_pillars_1
Depths:3: hangedman_cross_stitches, layout_long_grid,
          infiniplex_staircase_spiral, abyss_entry, hell_entry, uniq_jory
Depths:4: grunt_zot_entry_tricorne, layout_gridlike, hell_entry, uniq_sojobo
Zot:1:    layout_gridlike, st_large_dragon_hoard_3, grunt_megastairs_4

Skill      XL: |  1  2  3  4  5  6  7  8  9 10 11 12 13 14 15 16 17 18 19 20 21 22 23 24 25 |
---------------+----------------------------------------------------------------------------+-----
Axes           | 2 3 4 5 6 7 9 11 12 14 16 17 18 | 18.0
Dodging        | 1 2 3 4 5 6 |  6.0
Fighting       | 4 5 6 7 8 9 10 11 12 13 14 15 17 19 21 23 | 23.5
Armour         | 4 5 7 8 9 11 12 13 15 17 18 19 20 21 22 | 22.0
Shields        | 4 5 6 7 8 14 18 19 20 21 22 | 22.0
Throwing       | 3 4 5 6 11 12 | 12.1
Invocations    | 1 4 8 10 | 10.0

Action                   |  1- 3 |  4- 6 |  7- 9 | 10-12 | 13-15 | 16-18 | 19-21 | 22-24 | 25-27 || total
-------------------------+-------+-------+-------+-------+-------+-------+-------+-------+-------++-------
Melee: War axe           |   124 |   272 |   204 |   232 |       |       |       |       |       ||   832
       Broad axe         |       |       |       |   164 |   934 |  1467 |  1457 |  1105 |   247 ||  5374
       Hand axe          |       |       |       |    16 |    20 |       |       |       |       ||    36
       Unarmed           |       |       |       |     1 |       |       |       |       |       ||     1
Throw: Javelin           |       |       |    12 |    21 |    36 |    13 |    51 |    23 |    10 ||   166
       Boomerang         |       |       |       |    56 |   162 |   101 |    29 |    64 |    14 ||   426
Invok: Heroism           |       |       |       |    22 |    34 |    56 |    47 |    46 |    11 ||   216
       Finesse           |       |       |       |     2 |     9 |     6 |    13 |     8 |       ||    38
  Use: Scroll            |     4 |     8 |     9 |     6 |    14 |     6 |     7 |    18 |     2 ||    74
       Potion            |     1 |     1 |     2 |     3 |     1 |     3 |     3 |     5 |     1 ||    20
 Stab: Petrified         |       |       |       |       |     2 |       |       |       |       ||     2
       Confused          |       |       |       |       |     1 |     1 |     1 |       |       ||     3
Armor: Scale mail        |    70 |    47 |       |       |       |       |       |       |       ||   117
       Ring mail         |       |   109 |    28 |       |       |       |       |       |       ||   137
       Plate armour      |       |       |    39 |   181 |   400 |   700 |   498 |   458 |   104 ||  2380
Dodge: Dodged            |    67 |   159 |    61 |   128 |   310 |   503 |   336 |   279 |    59 ||  1902
Block: Buckler           |    29 |    62 |    56 |   117 |   265 |       |       |       |       ||   529
       Kite shield       |       |       |       |       |    23 |   406 |       |       |       ||   429
       Tower shield      |       |       |       |       |       |   963 |  1336 |  1139 |   221 ||  3659
       Reflection        |       |       |       |       |       |       |    41 |    24 |     9 ||    74

Table legend:
 A = Non-vault XP
 B = Vault XP
 C = Vault XP percentage of total XP
 D = Non-vault monster count
 E = Vault monster count
 F = Vault count percentage of total count
                 A         B        C        D         E       F
            +---------+---------+-------+---------+---------+-------
      Total |  473909 |  414418 |  46.7 |    1094 |     625 |  36.4
            +---------+---------+-------+---------+---------+-------
        D:1 |      39 |       0 |   0.0 |      22 |       0 |   0.0
        D:2 |      99 |      75 |  43.1 |      15 |      13 |  46.4
        D:3 |      25 |      36 |  59.0 |      13 |       1 |   7.1
        D:4 |      69 |      10 |  12.7 |      12 |       5 |  29.4
        D:5 |    1165 |       0 |   0.0 |      32 |       0 |   0.0
        D:6 |    1289 |       0 |   0.0 |      25 |       0 |   0.0
        D:7 |    1347 |     487 |  26.6 |      20 |       2 |   9.1
        D:8 |    2568 |       3 |   0.1 |      16 |       1 |   5.9
        D:9 |    3372 |    7051 |  67.6 |      42 |      25 |  37.3
       D:10 |    3031 |     779 |  20.4 |      10 |       1 |   9.1
       D:11 |    4583 |       0 |   0.0 |      28 |       0 |   0.0
       D:12 |    7508 |    1671 |  18.2 |      31 |       2 |   6.1
       D:13 |    6991 |    8269 |  54.2 |      20 |      14 |  41.2
       D:14 |    7900 |       0 |   0.0 |      17 |       0 |   0.0
       D:15 |    5490 |    5482 |  50.0 |      17 |      11 |  39.3
     Lair:1 |    9919 |     466 |   4.5 |      30 |       5 |  14.3
     Lair:2 |    7423 |    2304 |  23.7 |      29 |      11 |  27.5
     Lair:3 |    5682 |     625 |   9.9 |      26 |       1 |   3.7
     Lair:4 |    5722 |    5291 |  48.0 |      18 |      15 |  45.5
     Lair:5 |   15992 |   17318 |  52.0 |      45 |      31 |  40.8
    Swamp:1 |   15105 |   10112 |  40.1 |      28 |      18 |  39.1
    Swamp:2 |   11639 |       0 |   0.0 |      24 |       0 |   0.0
    Swamp:3 |   12024 |    8540 |  41.5 |      22 |       7 |  24.1
    Swamp:4 |    9498 |   17093 |  64.3 |      20 |      26 |  56.5
    Snake:1 |   21313 |       0 |   0.0 |      41 |       0 |   0.0
    Snake:2 |   13415 |       0 |   0.0 |      26 |       0 |   0.0
    Snake:3 |   21531 |    6309 |  22.7 |      40 |       9 |  18.4
    Snake:4 |   33205 |   36142 |  52.1 |      64 |      43 |  40.2
      Orc:1 |    1310 |       0 |   0.0 |      16 |       0 |   0.0
      Orc:2 |    4064 |    6740 |  62.4 |      34 |      47 |  58.0
   Vaults:1 |   28755 |   17568 |  37.9 |      43 |      22 |  33.8
   Vaults:2 |   23986 |   20121 |  45.6 |      36 |      24 |  40.0
   Vaults:3 |   17203 |   31742 |  64.9 |      26 |      44 |  62.9
   Vaults:4 |   26220 |   42398 |  61.8 |      34 |      50 |  59.5
   Vaults:5 |   19688 |   84423 |  81.1 |      27 |      75 |  73.5
   Depths:1 |   30732 |     766 |   2.4 |      38 |       1 |   2.6
   Depths:2 |   26250 |   36521 |  58.2 |      30 |      35 |  53.8
   Depths:3 |   24857 |   17580 |  41.4 |      28 |      13 |  31.7
   Depths:4 |   29624 |   21869 |  42.5 |      39 |      18 |  31.6
      Zot:1 |   13276 |    6353 |  32.4 |      10 |       6 |  37.5
      Sewer |       0 |     274 | 100.0 |       0 |      49 | 100.0
            +---------+---------+-------+---------+---------+-------
